Workbook

Sheet Custo contratação LR
B5: CUSTO DE REFERÊNCIA
B7: SUBITEM 01 - MERCADO GERAL
B9: ITEM | C9: DISCRIMINAÇÃO | D9: UNIDADE | E9: QUANTIDADE | F9: VALOR UNITÁRIO | G9: SUB TOTAL | H9: TOTAL
B10: SERVIÇOS CONTÍNUOS DE LIMPEZA | G10: A | H10: =SUM(G11:G19) -> 158701.33
B11: 1.1 | C11: Servente diurno 44h | D11: Mês | F11: ='servente diurno 44h'!E67 -> 3419.38 | G11: =F11*E11 -> 0
B12: 1.2 | C12: Servente diurno 44h - Insalubridade | D12: Mês | E12: 6 | F12: ='servente diurno 44h Insalubrida'!E67 -> 4307.15 | G12: =F12*E12 -> 25842.9
B13: 1.3 | C13: Servente diurno com periculosidade | D13: Mês | E13: 1 | F13: ='servente diurno 44h Periculosid'!E67 -> 3944.46 | G13: =F13*E13 -> 3944.46
B14: 1.4 | C14: Servente noturno 44h | D14: Mês | F14: ='servente noturno 44h'!E67 -> 3746.66 | G14: =F14*E14 -> 0
B15: 1.5 | C15: Encarregado diurno 44h | D15: Mês | E15: ='[1]Resumo Efetivo'!$G$45 -> 7 | F15: ='Encarregado diurno 44h'!E67 -> 5561.58 | G15: =F15*E15 -> 38931.06 | M15: Preenchimento conforme efetivo alcançado na Planilha Produtividade
B16: 1.6 | C16: Encarregado noturno 44h | D16: Mês | E16: ='[1]Resumo Efetivo'!$L$45 -> 7 | F16: ='Encarregado noturno 44h'!E67 -> 6213.68 | G16: =F16*E16 -> 43495.76
B17: 1.7 | C17: Copeira 44h | D17: Mês | E17: ='[1]Resumo Efetivo'!$I$45 -> 5 | F17: ='Copeira 44h'!E67 -> 3278.62 | G17: =F17*E17 -> 16393.1
B18: 1.8 | C18: Jardineiro | D18: Mês | E18: ='[1]Resumo Efetivo'!$H$45 -> 5 | F18: ='Jardineiro 44h'!E67 -> 4299.15 | G18: =F18*E18 -> 21495.75
B19: 1.9 | C19: Recepcionista | D19: Mês | E19: 2 | F19: ='Recepcionista 44h'!E67 -> 4299.15 | G19: =F19*E19 -> 8598.3 | I19: =SUM(E11:E19) -> 33
B20: 2 | C20: BONIFICAÇÕES E DESPESAS INDIRETAS - LUCRO | H20: =H21+H22+H23 -> #VALUE!
B21: 2.1 | C21: Despesas Administrativas | D21: xxxx | F21: =H10*D21 -> #VALUE! | G21: D | H21: =F21 -> #VALUE!
B22: 2.2 | C22: Lucro | D22: xxxx | F22: =H10*D22 -> #VALUE! | G22: E | H22: =F22 -> #VALUE!
B23: 3 | C23: IMPOSTOS E CONTRIBUIÇÕES SOBRE O FATURAMENTO | F23: T0 = | G23: =SUM(D24:E26) -> 0.1425 | H23: =F31 -> #VALUE!
B24: 3.1 | C24: ISS | D24: 0.05
B25: 3.2 | C25: COFINS | D25: 0.076
B26: 3.3 | C26: PIS | D26: 0.0165
B27: CÁLCULO VALOR MENSAL DOS SERVIÇOS (P1)
B28: TRIBUTOS (%)/100 = T0 | F28: =SUM(D24:E26) -> 0.1425
B29: P0 = (A+B+C+D+E) | F29: =H10+H21+H22 -> #VALUE!
B30: P1=P0/(1-T0) | F30: =F29/(1-F28) -> #VALUE!
B31: TRIBUTOS = P1-P0 | F31: =F30-F29 -> #VALUE!
B32: VALOR TOTAL MENSAL ESTIMADO | G32: =F30 -> #VALUE!
B33: VALOR GLOBAL ESTIMADO (12 MESES) | G33: =G32*12 -> #VALUE!
G35: BDI | H35: =(H23+H21+H22)/H10 -> #VALUE!
B36: obs: Lucro Real

Sheet servente diurno 44h
B2: PLANILHA DE COMPOSIÇÃO DE CUSTOS
B3: Servente Diurno - CBO 5143-20
B4: Item | C4: Descrição | D4: Percentual | E4: Valor
B5: Módulo I - COMPOSIÇÃO DA REMUNERAÇÃO
B6: 1 | C6: Salário Base | E6: 1287.96
B7: 2 | C7: Adicional Noturno
B8: 3 | C8: Adicional Periculosidade
B9: 4 | C9: Adicional Insalubridade
B10: 5 | C10: Outros
B11: Total da Remuneração - Módulo 1 | E11: =SUM(E6:E10) -> 1287.96
B12: Módulo II - BENEFÍCIOS MENSAIS E DIÁRIOS
B13: 1 | C13: Vale Transporte | E13: ='VT VA'!P12 -> 263.78
B14: 2 | C14: Desconto Legal referente ao vale transporte (6%) | E14: =-E6*6% -> -77.28
B15: 3 | C15: Auxílio Alimentação | E15: ='VT VA'!N22 -> 839.3
B16: 4 | C16: Auxílio Morte/Funeral | E16: 2.3
B17: 5 | C17: Plano de Saúde | E17: 160.07
B18: 6 | C18: Assistência Odontológica | E18: 10.63
B19: 7 | C19: Desconto Assistêncial Patronal | E19: 1
B20: Total de Benefícios Mensais e Diários | E20: =SUM(E13:E19) -> 1199.8
B21: Módulo III - INSUMOS DIVERSOS
B22: 1 | C22: Uniformes | E22: =Uniformes!G19 -> 0
B23: 2 | C23: EPI | E23: =EPI!I22 -> 0
B24: 3 | C24: Materiais | E24: ='Materiais Geral'!AN117 -> 0
B25: 4 | C25: Equipamentos | E25: ='Equip. Geral'!AO29 -> 0
B26: Total Insumos Diversos | E26: =SUM(E22:E25) -> 0 | G26: 114 | H26: =#REF!-5.28 -> #REF! | J26: =G26*H26 -> #REF!
B27: Módulo IV - ENCARGOS SOCIAIS E TRABALHISTAS
B28: Submódulo 4.1 - Encargos Previdenciários, FGTS e outras contribuições | D28: Percentual | E28: Valor
B29: 1 | C29: INSS | D29: 0.2 | E29: =E$11*D29 -> 257.59
B30: 2 | C30: SESI/SESC/SEST | D30: 0.015 | E30: =E$11*D30 -> 19.32
B31: 3 | C31: SENAI/SENAC/SENAT | D31: 0.01 | E31: =E$11*D31 -> 12.88
B32: 4 | C32: INCRA | D32: 0.002 | E32: =E$11*D32 -> 2.58
B33: 5 | C33: Salário Educação | D33: 0.025 | E33: =E$11*D33 -> 32.2
B34: 6 | C34: FGTS | D34: 0.08 | E34: =E$11*D34 -> 103.04
B35: 7 | C35: RAT x FAP | D35: 0.03 | E35: =E$11*D35 -> 38.64
B36: 8 | C36: SEBRAE | D36: 0.006 | E36: =E$11*D36 -> 7.73
B37: Total Encargos Previdenciários, FGTS e outras contribuições | D37: =SUM(D29:D36) -> 0.368 | E37: =SUM(E29:E36) -> 473.98
B38: Submódulo 4.2 - 13º Salário e Adicional de Férias
B39: 1 | C39: 13º Salário | D39: 0.0833 | E39: =E$11*D39 -> 107.29
B40: 2 | C40: Adicional de Férias | D40: 0.0278 | E40: =E$11*D40 -> 35.81
B41: 3 | C41: Incidência do Submódulo 4.1 sobre 13º Salário e Adicional de Férias | D41: 0.0409 | E41: =E$11*D41 -> 52.68 | H41: =#REF!+J26 -> #REF!
B42: 4 | C42: Inc. Multa do FGTS rescisão sem justa causa sobre 13º e Adicional de Férias | D42: =8/100*40/100*(D39+D40) -> 0.0036 | E42: =E$11*D42 -> 4.64
B43: Total 13º Salário e Adicional de Férias | D43: =SUM(D39:D42) -> 0.1556 | E43: =SUM(E39:E42) -> 200.42
B44: Submódulo 4.3 - Afastamento Maternidade
B45: 1 | C45: Férias Proporcionais relativas ao Afastamento Maternidade | D45: 0.0007 | E45: =E$11*D45 -> 0.9
B46: 2 | C46: Incidência do Submódulo 4.1 sobre as Férias Proporcionais | D46: 0.0003 | E46: =E$11*D46 -> 0.39
B47: 3 | C47: Incidência do Submódulo 4.1 sobre o período de licença-maternidade | D47: 0.0025 | E47: =E$11*D47 -> 3.22
B48: Total Afastamento Maternidade | D48: =SUM(D45:D47) -> 0.0035 | E48: =SUM(E45:E47) -> 4.51
B49: Submódulo 4.4 -Provisão para Rescisão
B50: 1 | C50: Aviso Prévio Indenizado | D50: =((1/12)*3.5/100)+(((1/12)*3.5/100)*(1/12+((1+1/3)/12))) -> 0.0035 | E50: =E$11*D50 -> 4.51
B51: 2 | C51: Incidência do Submódulo 4.1 sobre o Aviso Prévio Indenizado | D51: =D37*(1/12*(3.5/100))*1/12 -> 9e-05 | E51: =E$11*D51 -> 0.12
B52: 3 | C52: Multa do FGTS do Aviso Prévio Indenizado | D52: =8/100*40/100*D50 -> 0.00011 | E52: =E$11*D52 -> 0.14
B53: 4 | C53: Multa do FGTS para rescisão sem Justa Causa | D53: =8/100*40/100 -> 0.032 | E53: =E$11*D53 -> 41.21
B54: 5 | C54: Indenização Adicional | D54: =1/12*1/100 -> 0.0008 | E54: =E$11*D54 -> 1.03
B55: Total Provisão para Rescisão | D55: =SUM(D50:D54) -> 0.0365 | E55: =SUM(E50:E54) -> 47.01
B56: Submódulo 4.5 -Custo de Reposição do Profissional Ausente
B57: 1 | C57: Férias | D57: 0.0833 | E57: =E$11*D57 -> 107.29
B58: 2 | C58: Ausência por Doença | D58: 0.0115 | E58: =E$11*D58 -> 14.81
B59: 3 | C59: Licença Paternidade | D59: 0.0002 | E59: =E$11*D59 -> 0.26
B60: 4 | C60: Ausências Legais | D60: 0.0028 | E60: =E$11*D60 -> 3.61
B61: 5 | C61: Ausência por Acidente do Trabalho | D61: 0.0033 | E61: =E$11*D61 -> 4.25
B62: 6 | C62: Aviso Prévio Trabalhado | D62: 0.001 | E62: =E$11*D62 -> 1.29
B63: 7 | C63: Incidência do Submódulo 4.1 sobre o Custo de Reposição do Profissional Ausente | D63: 0.0376 | E63: =E$11*D63 -> 48.43
B64: 8 | C64: Incidência dos submódulos 2.3, 2.4 e módulo 3 sobre o Custo de Reposição | D64: =(D43+D48+D55)*SUM(D57:D62) -> 0.02 | E64: =E$11*D64 -> 25.76
B65: Total Custo de Reposição do Profissional Ausente | D65: =SUM(D57:D64) -> 0.1597 | E65: =SUM(E57:E64) -> 205.7
B66: Total de Encargos Sociais e Trabalhistas - MÓDULO 4 | D66: =D65+D55+D48+D43+D37 -> 0.7233 | E66: =E65+E55+E48+E43+E37 -> 931.62
B67: SUBTOTAL MÓDULOS 1, 2, 3 e 4 | E67: =E65+E55+E48+E43+E37+E26+E20+E11 -> 3419.38

Sheet servente diurno 44h Insalubrida
B2: PLANILHA DE COMPOSIÇÃO DE CUSTOS
B3: Servente Diurno com Insalubridade - CBO 5143-20
B4: Item | C4: Descrição | D4: Percentual | E4: Valor
B5: Módulo I - COMPOSIÇÃO DA REMUNERAÇÃO
B6: 1 | C6: Salário Base | E6: 1287.96
B7: 2 | C7: Adicional Noturno
B8: 3 | C8: Adicional Periculosidade
B9: 4 | C9: Adicional Insalubridade | D9: 0.4 | E9: =E6*D9 -> 515.18
B10: 5 | C10: Outros
B11: Total da Remuneração - Módulo 1 | E11: =SUM(E6:E10) -> 1803.14
B12: Módulo II - BENEFÍCIOS MENSAIS E DIÁRIOS
B13: 1 | C13: Vale Transporte | E13: ='VT VA'!P12 -> 263.78
B14: 2 | C14: Desconto Legal referente ao vale transporte (6%) | E14: =-E6*6% -> -77.28
B15: 3 | C15: Auxílio Alimentação | E15: ='VT VA'!N22 -> 839.3
B16: 4 | C16: Auxílio Morte/Funeral | E16: 2.3
B17: 5 | C17: Plano de Saúde | E17: 160.07
B18: 6 | C18: Assistência Odontológica | E18: 10.63
B19: 7 | C19: Desconto Assistêncial Patronal | E19: 1
B20: Total de Benefícios Mensais e Diários | E20: =SUM(E13:E19) -> 1199.8
B21: Módulo III - INSUMOS DIVERSOS
B22: 1 | C22: Uniformes | E22: =Uniformes!G19 -> 0
B23: 2 | C23: EPI | E23: =EPI!I22 -> 0
B24: 3 | C24: Materiais | E24: ='Materiais Geral'!AN117 -> 0
B25: 4 | C25: Equipamentos | E25: ='Equip. Geral'!AO29 -> 0
B26: Total Insumos Diversos | E26: =SUM(E22:E25) -> 0 | G26: 114 | H26: =#REF!-5.28 -> #REF! | J26: =G26*H26 -> #REF!
B27: Módulo IV - ENCARGOS SOCIAIS E TRABALHISTAS
B28: Submódulo 4.1 - Encargos Previdenciários, FGTS e outras contribuições | D28: Percentual | E28: Valor
B29: 1 | C29: INSS | D29: 0.2 | E29: =E$11*D29 -> 360.63
B30: 2 | C30: SESI/SESC/SEST | D30: 0.015 | E30: =E$11*D30 -> 27.05
B31: 3 | C31: SENAI/SENAC/SENAT | D31: 0.01 | E31: =E$11*D31 -> 18.03
B32: 4 | C32: INCRA | D32: 0.002 | E32: =E$11*D32 -> 3.61
B33: 5 | C33: Salário Educação | D33: 0.025 | E33: =E$11*D33 -> 45.08
B34: 6 | C34: FGTS | D34: 0.08 | E34: =E$11*D34 -> 144.25
B35: 7 | C35: RAT x FAP | D35: 0.03 | E35: =E$11*D35 -> 54.09
B36: 8 | C36: SEBRAE | D36: 0.006 | E36: =E$11*D36 -> 10.82
B37: Total Encargos Previdenciários, FGTS e outras contribuições | D37: =SUM(D29:D36) -> 0.368 | E37: =SUM(E29:E36) -> 663.56
B38: Submódulo 4.2 - 13º Salário e Adicional de Férias
B39: 1 | C39: 13º Salário | D39: 0.0833 | E39: =E$11*D39 -> 150.2
B40: 2 | C40: Adicional de Férias | D40: 0.0278 | E40: =E$11*D40 -> 50.13
B41: 3 | C41: Incidência do Submódulo 4.1 sobre 13º Salário e Adicional de Férias | D41: 0.0409 | E41: =E$11*D41 -> 73.75 | H41: =#REF!+J26 -> #REF!
B42: 4 | C42: Inc. Multa do FGTS rescisão sem justa causa sobre 13º e Adicional de Férias | D42: =8/100*40/100*(D39+D40) -> 0.0036 | E42: =E$11*D42 -> 6.49
B43: Total 13º Salário e Adicional de Férias | D43: =SUM(D39:D42) -> 0.1556 | E43: =SUM(E39:E42) -> 280.57
B44: Submódulo 4.3 - Afastamento Maternidade
B45: 1 | C45: Férias Proporcionais relativas ao Afastamento Maternidade | D45: 0.0007 | E45: =E$11*D45 -> 1.26
B46: 2 | C46: Incidência do Submódulo 4.1 sobre as Férias Proporcionais | D46: 0.0003 | E46: =E$11*D46 -> 0.54
B47: 3 | C47: Incidência do Submódulo 4.1 sobre o período de licença-maternidade | D47: 0.0025 | E47: =E$11*D47 -> 4.51
B48: Total Afastamento Maternidade | D48: =SUM(D45:D47) -> 0.0035 | E48: =SUM(E45:E47) -> 6.31
B49: Submódulo 4.4 -Provisão para Rescisão
B50: 1 | C50: Aviso Prévio Indenizado | D50: =((1/12)*3.5/100)+(((1/12)*3.5/100)*(1/12+((1+1/3)/12))) -> 0.0035 | E50: =E$11*D50 -> 6.31
B51: 2 | C51: Incidência do Submódulo 4.1 sobre o Aviso Prévio Indenizado | D51: =D37*(1/12*(3.5/100))*1/12 -> 9e-05 | E51: =E$11*D51 -> 0.16
B52: 3 | C52: Multa do FGTS do Aviso Prévio Indenizado | D52: =8/100*40/100*D50 -> 0.00011 | E52: =E$11*D52 -> 0.2
B53: 4 | C53: Multa do FGTS para rescisão sem Justa Causa | D53: =8/100*40/100 -> 0.032 | E53: =E$11*D53 -> 57.7
B54: 5 | C54: Indenização Adicional | D54: =1/12*1/100 -> 0.0008 | E54: =E$11*D54 -> 1.44
B55: Total Provisão para Rescisão | D55: =SUM(D50:D54) -> 0.0365 | E55: =SUM(E50:E54) -> 65.81
B56: Submódulo 4.5 -Custo de Reposição do Profissional Ausente
B57: 1 | C57: Férias | D57: 0.0833 | E57: =E$11*D57 -> 150.2
B58: 2 | C58: Ausência por Doença | D58: 0.0115 | E58: =E$11*D58 -> 20.74
B59: 3 | C59: Licença Paternidade | D59: 0.0002 | E59: =E$11*D59 -> 0.36
B60: 4 | C60: Ausências Legais | D60: 0.0028 | E60: =E$11*D60 -> 5.05
B61: 5 | C61: Ausência por Acidente do Trabalho | D61: 0.0033 | E61: =E$11*D61 -> 5.95
B62: 6 | C62: Aviso Prévio Trabalhado | D62: 0.001 | E62: =E$11*D62 -> 1.8
B63: 7 | C63: Incidência do Submódulo 4.1 sobre o Custo de Reposição do Profissional Ausente | D63: 0.0376 | E63: =E$11*D63 -> 67.8
B64: 8 | C64: Incidência dos submódulos 2.3, 2.4 e módulo 3 sobre o Custo de Reposição | D64: =(D43+D48+D55)*SUM(D57:D62) -> 0.02 | E64: =E$11*D64 -> 36.06
B65: Total Custo de Reposição do Profissional Ausente | D65: =SUM(D57:D64) -> 0.1597 | E65: =SUM(E57:E64) -> 287.96
B66: Total de Encargos Sociais e Trabalhistas - MÓDULO 4 | D66: =D65+D55+D48+D43+D37 -> 0.7233 | E66: =E65+E55+E48+E43+E37 -> 1304.21
B67: SUBTOTAL MÓDULOS 1, 2, 3 e 4 | E67: =E65+E55+E48+E43+E37+E26+E20+E11 -> 4307.15

Sheet servente diurno 44h Periculosid
B2: PLANILHA DE COMPOSIÇÃO DE CUSTOS
B3: Servente Diurno com Periculosidade - CBO 5143-20
B4: Item | C4: Descrição | D4: Percentual | E4: Valor
B5: Módulo I - COMPOSIÇÃO DA REMUNERAÇÃO
B6: 1 | C6: Salário Base | E6: 1287.96
B7: 2 | C7: Adicional Noturno
B8: 3 | C8: Adicional Periculosidade | D8: 0.3 | E8: =E6*D8 -> 386.39
B9: 4 | C9: Adicional Insalubridade
B10: 5 | C10: Outros
B11: Total da Remuneração - Módulo 1 | E11: =SUM(E6:E10) -> 1674.35
B12: Módulo II - BENEFÍCIOS MENSAIS E DIÁRIOS
B13: 1 | C13: Vale Transporte | E13: ='VT VA'!P13 -> 230.12
B14: 2 | C14: Desconto Legal referente ao vale transporte (6%) | E14: =-E6*6% -> -77.28
B15: 3 | C15: Auxílio Alimentação | E15: ='VT VA'!N23 -> 732.2
B16: 4 | C16: Auxílio Morte/Funeral | E16: 2.3
B17: 5 | C17: Plano de Saúde | E17: 160.07
B18: 6 | C18: Assistência Odontológica | E18: 10.63
B19: 7 | C19: Desconto Assistêncial Patronal | E19: 1
B20: Total de Benefícios Mensais e Diários | E20: =SUM(E13:E19) -> 1059.04
B21: Módulo III - INSUMOS DIVERSOS
B22: 1 | C22: Uniformes | E22: =Uniformes!G19 -> 0
B23: 2 | C23: EPI | E23: =EPI!I22 -> 0
B24: 3 | C24: Materiais | E24: ='Materiais Geral'!AN117 -> 0
B25: 4 | C25: Equipamentos | E25: ='Equip. Geral'!AO29 -> 0
B26: Total Insumos Diversos | E26: =SUM(E22:E25) -> 0 | G26: 114 | H26: =#REF!-5.28 -> #REF! | J26: =G26*H26 -> #REF!
B27: Módulo IV - ENCARGOS SOCIAIS E TRABALHISTAS
B28: Submódulo 4.1 - Encargos Previdenciários, FGTS e outras contribuições | D28: Percentual | E28: Valor
B29: 1 | C29: INSS | D29: 0.2 | E29: =E$11*D29 -> 334.87
B30: 2 | C30: SESI/SESC/SEST | D30: 0.015 | E30: =E$11*D30 -> 25.12
B31: 3 | C31: SENAI/SENAC/SENAT | D31: 0.01 | E31: =E$11*D31 -> 16.74
B32: 4 | C32: INCRA | D32: 0.002 | E32: =E$11*D32 -> 3.35
B33: 5 | C33: Salário Educação | D33: 0.025 | E33: =E$11*D33 -> 41.86
B34: 6 | C34: FGTS | D34: 0.08 | E34: =E$11*D34 -> 133.95
B35: 7 | C35: RAT x FAP | D35: 0.03 | E35: =E$11*D35 -> 50.23
B36: 8 | C36: SEBRAE | D36: 0.006 | E36: =E$11*D36 -> 10.05
B37: Total Encargos Previdenciários, FGTS e outras contribuições | D37: =SUM(D29:D36) -> 0.368 | E37: =SUM(E29:E36) -> 616.17
B38: Submódulo 4.2 - 13º Salário e Adicional de Férias
B39: 1 | C39: 13º Salário | D39: 0.0833 | E39: =E$11*D39 -> 139.47
B40: 2 | C40: Adicional de Férias | D40: 0.0278 | E40: =E$11*D40 -> 46.55
B41: 3 | C41: Incidência do Submódulo 4.1 sobre 13º Salário e Adicional de Férias | D41: 0.0409 | E41: =E$11*D41 -> 68.48 | H41: =#REF!+J26 -> #REF!
B42: 4 | C42: Inc. Multa do FGTS rescisão sem justa causa sobre 13º e Adicional de Férias | D42: =8/100*40/100*(D39+D40) -> 0.0036 | E42: =E$11*D42 -> 6.03
B43: Total 13º Salário e Adicional de Férias | D43: =SUM(D39:D42) -> 0.1556 | E43: =SUM(E39:E42) -> 260.53
B44: Submódulo 4.3 - Afastamento Maternidade
B45: 1 | C45: Férias Proporcionais relativas ao Afastamento Maternidade | D45: 0.0007 | E45: =E$11*D45 -> 1.17
B46: 2 | C46: Incidência do Submódulo 4.1 sobre as Férias Proporcionais | D46: 0.0003 | E46: =E$11*D46 -> 0.5
B47: 3 | C47: Incidência do Submódulo 4.1 sobre o período de licença-maternidade | D47: 0.0025 | E47: =E$11*D47 -> 4.19
B48: Total Afastamento Maternidade | D48: =SUM(D45:D47) -> 0.0035 | E48: =SUM(E45:E47) -> 5.86
B49: Submódulo 4.4 -Provisão para Rescisão
B50: 1 | C50: Aviso Prévio Indenizado | D50: =((1/12)*3.5/100)+(((1/12)*3.5/100)*(1/12+((1+1/3)/12))) -> 0.0035 | E50: =E$11*D50 -> 5.86
B51: 2 | C51: Incidência do Submódulo 4.1 sobre o Aviso Prévio Indenizado | D51: =D37*(1/12*(3.5/100))*1/12 -> 9e-05 | E51: =E$11*D51 -> 0.15
B52: 3 | C52: Multa do FGTS do Aviso Prévio Indenizado | D52: =8/100*40/100*D50 -> 0.00011 | E52: =E$11*D52 -> 0.18
B53: 4 | C53: Multa do FGTS para rescisão sem Justa Causa | D53: =8/100*40/100 -> 0.032 | E53: =E$11*D53 -> 53.58
B54: 5 | C54: Indenização Adicional | D54: =1/12*1/100 -> 0.0008 | E54: =E$11*D54 -> 1.34
B55: Total Provisão para Rescisão | D55: =SUM(D50:D54) -> 0.0365 | E55: =SUM(E50:E54) -> 61.11
B56: Submódulo 4.5 -Custo de Reposição do Profissional Ausente
B57: 1 | C57: Férias | D57: 0.0833 | E57: =E$11*D57 -> 139.47
B58: 2 | C58: Ausência por Doença | D58: 0.0115 | E58: =E$11*D58 -> 19.26
B59: 3 | C59: Licença Paternidade | D59: 0.0002 | E59: =E$11*D59 -> 0.33
B60: 4 | C60: Ausências Legais | D60: 0.0028 | E60: =E$11*D60 -> 4.69
B61: 5 | C61: Ausência por Acidente do Trabalho | D61: 0.0033 | E61: =E$11*D61 -> 5.53
B62: 6 | C62: Aviso Prévio Trabalhado | D62: 0.001 | E62: =E$11*D62 -> 1.67
B63: 7 | C63: Incidência do Submódulo 4.1 sobre o Custo de Reposição do Profissional Ausente | D63: 0.0376 | E63: =E$11*D63 -> 62.96
B64: 8 | C64: Incidência dos submódulos 2.3, 2.4 e módulo 3 sobre o Custo de Reposição | D64: =(D43+D48+D55)*SUM(D57:D62) -> 0.02 | E64: =E$11*D64 -> 33.49
B65: Total Custo de Reposição do Profissional Ausente | D65: =SUM(D57:D64) -> 0.1597 | E65: =SUM(E57:E64) -> 267.4
B66: Total de Encargos Sociais e Trabalhistas - MÓDULO 4 | D66: =D65+D55+D48+D43+D37 -> 0.7233 | E66: =E65+E55+E48+E43+E37 -> 1211.07
B67: SUBTOTAL MÓDULOS 1, 2, 3 e 4 | E67: =E65+E55+E48+E43+E37+E26+E20+E11 -> 3944.46

Sheet Encarregado diurno 44h
B2: PLANILHA DE COMPOSIÇÃO DE CUSTOS
B3: Encarregado Diurno - CBO 4101-5
B4: Item | C4: Descrição | D4: Percentual | E4: Valor
B5: Módulo I - COMPOSIÇÃO DA REMUNERAÇÃO
B6: 1 | C6: Salário Base | E6: 2575.91
B7: 2 | C7: Adicional Noturno
B8: 3 | C8: Adicional Periculosidade
B9: 4 | C9: Adicional Insalubridade
B10: 5 | C10: Outros
B11: Total da Remuneração - Módulo 1 | E11: =SUM(E6:E10) -> 2575.91
B12: Módulo II - BENEFÍCIOS MENSAIS E DIÁRIOS
B13: 1 | C13: Vale Transporte | E13: ='VT VA'!P12 -> 263.78
B14: 2 | C14: Desconto Legal referente ao vale transporte (6%) | E14: =-E6*6% -> -154.55
B15: 3 | C15: Auxílio Alimentação | E15: ='VT VA'!N22 -> 839.3
B16: 4 | C16: Auxílio Morte/Funeral | E16: 2.3
B17: 5 | C17: Plano de Saúde | E17: 160.07
B18: 6 | C18: Assistência Odontológica | E18: 10.63
B19: 7 | C19: Desconto Assistêncial Patronal | E19: 1
B20: Total de Benefícios Mensais e Diários | E20: =SUM(E13:E19) -> 1122.53
B21: Módulo III - INSUMOS DIVERSOS
B22: 1 | C22: Uniformes | E22: =Uniformes!G35 -> 0
B23: 2 | C23: EPI | E23: =EPI!I22 -> 0
B24: 3 | C24: Materiais | E24: ='Materiais Geral'!AN117 -> 0
B25: 4 | C25: Equipamentos | E25: ='Equip. Geral'!AO29 -> 0
B26: Total Insumos Diversos | E26: =SUM(E22:E25) -> 0 | G26: 114 | H26: =#REF!-5.28 -> #REF! | J26: =G26*H26 -> #REF!
B27: Módulo IV - ENCARGOS SOCIAIS E TRABALHISTAS
B28: Submódulo 4.1 - Encargos Previdenciários, FGTS e outras contribuições | D28: Percentual | E28: Valor
B29: 1 | C29: INSS | D29: 0.2 | E29: =E$11*D29 -> 515.18
B30: 2 | C30: SESI/SESC/SEST | D30: 0.015 | E30: =E$11*D30 -> 38.64
B31: 3 | C31: SENAI/SENAC/SENAT | D31: 0.01 | E31: =E$11*D31 -> 25.76
B32: 4 | C32: INCRA | D32: 0.002 | E32: =E$11*D32 -> 5.15
B33: 5 | C33: Salário Educação | D33: 0.025 | E33: =E$11*D33 -> 64.4
B34: 6 | C34: FGTS | D34: 0.08 | E34: =E$11*D34 -> 206.07
B35: 7 | C35: RAT x FAP | D35: 0.03 | E35: =E$11*D35 -> 77.28
B36: 8 | C36: SEBRAE | D36: 0.006 | E36: =E$11*D36 -> 15.46
B37: Total Encargos Previdenciários, FGTS e outras contribuições | D37: =SUM(D29:D36) -> 0.368 | E37: =SUM(E29:E36) -> 947.94
B38: Submódulo 4.2 - 13º Salário e Adicional de Férias
B39: 1 | C39: 13º Salário | D39: 0.0833 | E39: =E$11*D39 -> 214.57
B40: 2 | C40: Adicional de Férias | D40: 0.0278 | E40: =E$11*D40 -> 71.61
B41: 3 | C41: Incidência do Submódulo 4.1 sobre 13º Salário e Adicional de Férias | D41: 0.0409 | E41: =E$11*D41 -> 105.35 | H41: =#REF!+J26 -> #REF!
B42: 4 | C42: Inc. Multa do FGTS rescisão sem justa causa sobre 13º e Adicional de Férias | D42: =8/100*40/100*(D39+D40) -> 0.0036 | E42: =E$11*D42 -> 9.27
B43: Total 13º Salário e Adicional de Férias | D43: =SUM(D39:D42) -> 0.1556 | E43: =SUM(E39:E42) -> 400.8
B44: Submódulo 4.3 - Afastamento Maternidade
B45: 1 | C45: Férias Proporcionais relativas ao Afastamento Maternidade | D45: 0.0007 | E45: =E$11*D45 -> 1.8
B46: 2 | C46: Incidência do Submódulo 4.1 sobre as Férias Proporcionais | D46: 0.0003 | E46: =E$11*D46 -> 0.77
B47: 3 | C47: Incidência do Submódulo 4.1 sobre o período de licença-maternidade | D47: 0.0025 | E47: =E$11*D47 -> 6.44
B48: Total Afastamento Maternidade | D48: =SUM(D45:D47) -> 0.0035 | E48: =SUM(E45:E47) -> 9.01
B49: Submódulo 4.4 -Provisão para Rescisão
B50: 1 | C50: Aviso Prévio Indenizado | D50: =((1/12)*3.5/100)+(((1/12)*3.5/100)*(1/12+((1+1/3)/12))) -> 0.0035 | E50: =E$11*D50 -> 9.02
B51: 2 | C51: Incidência do Submódulo 4.1 sobre o Aviso Prévio Indenizado | D51: =D37*(1/12*(3.5/100))*1/12 -> 9e-05 | E51: =E$11*D51 -> 0.23
B52: 3 | C52: Multa do FGTS do Aviso Prévio Indenizado | D52: =8/100*40/100*D50 -> 0.00011 | E52: =E$11*D52 -> 0.28
B53: 4 | C53: Multa do FGTS para rescisão sem Justa Causa | D53: =8/100*40/100 -> 0.032 | E53: =E$11*D53 -> 82.43
B54: 5 | C54: Indenização Adicional | D54: =1/12*1/100 -> 0.0008 | E54: =E$11*D54 -> 2.06
B55: Total Provisão para Rescisão | D55: =SUM(D50:D54) -> 0.0365 | E55: =SUM(E50:E54) -> 94.02
B56: Submódulo 4.5 -Custo de Reposição do Profissional Ausente
B57: 1 | C57: Férias | D57: 0.0833 | E57: =E$11*D57 -> 214.57
B58: 2 | C58: Ausência por Doença | D58: 0.0115 | E58: =E$11*D58 -> 29.62
B59: 3 | C59: Licença Paternidade | D59: 0.0002 | E59: =E$11*D59 -> 0.52
B60: 4 | C60: Ausências Legais | D60: 0.0028 | E60: =E$11*D60 -> 7.21
B61: 5 | C61: Ausência por Acidente do Trabalho | D61: 0.0033 | E61: =E$11*D61 -> 8.5
B62: 6 | C62: Aviso Prévio Trabalhado | D62: 0.001 | E62: =E$11*D62 -> 2.58
B63: 7 | C63: Incidência do Submódulo 4.1 sobre o Custo de Reposição do Profissional Ausente | D63: 0.0376 | E63: =E$11*D63 -> 96.85
B64: 8 | C64: Incidência dos submódulos 2.3, 2.4 e módulo 3 sobre o Custo de Reposição | D64: =(D43+D48+D55)*SUM(D57:D62) -> 0.02 | E64: =E$11*D64 -> 51.52
B65: Total Custo de Reposição do Profissional Ausente | D65: =SUM(D57:D64) -> 0.1597 | E65: =SUM(E57:E64) -> 411.37
B66: Total de Encargos Sociais e Trabalhistas - MÓDULO 4 | D66: =D65+D55+D48+D43+D37 -> 0.7233 | E66: =E65+E55+E48+E43+E37 -> 1863.14
B67: SUBTOTAL MÓDULOS 1, 2, 3 e 4 | E67: =E65+E55+E48+E43+E37+E26+E20+E11 -> 5561.58

Sheet servente noturno 44h
B2: PLANILHA DE COMPOSIÇÃO DE CUSTOS
B3: Servente Noturno - CBO 5143-20
B4: Item | C4: Descrição | D4: Percentual | E4: Valor
B5: Módulo I - COMPOSIÇÃO DA REMUNERAÇÃO
B6: 1 | C6: Salário Base | E6: 1287.96
B7: 2 | C7: Adicional Noturno | D7: 0.225 | E7: =G16 -> 189.92
B8: 3 | C8: Adicional Periculosidade
B9: 4 | C9: Adicional Insalubridade
B10: 5 | C10: Outros
B11: Total da Remuneração - Módulo 1 | E11: =SUM(E6:E10) -> 1477.88
B12: Módulo II - BENEFÍCIOS MENSAIS E DIÁRIOS | G12: =E6/220 -> 5.85 | H12: VALOR HORA TRABALHADA
B13: 1 | C13: Vale Transporte | E13: ='VT VA'!P12 -> 263.78 | G13: =G12*D7 -> 1.32 | H13: VALOR ADICIONAL NOTURNO / HORA
B14: 2 | C14: Desconto Legal referente ao vale transporte (6%) | E14: =-E6*6% -> -77.28
B15: 3 | C15: Auxílio Alimentação | E15: ='VT VA'!N22 -> 839.3 | G15: =6*Escala!AG88 -> 143.88 | H15: TOTAL HORAS EM DIAS DA SEMANA = 6 x 23,98
B16: 4 | C16: Auxílio Morte/Funeral | E16: 2.3 | G16: =G15*G13 -> 189.92 | H16: VALOR ADICIONAL NOTURNO
B17: 5 | C17: Plano de Saúde | E17: 160.07
B18: 6 | C18: Assistência Odontológica | E18: 10.63
B19: 7 | C19: Desconto Assistêncial Patronal | E19: 1
B20: Total de Benefícios Mensais e Diários | E20: =SUM(E13:E19) -> 1199.8
B21: Módulo III - INSUMOS DIVERSOS
B22: 1 | C22: Uniformes | E22: =Uniformes!G19 -> 0
B23: 2 | C23: EPI | E23: =EPI!I22 -> 0
B24: 3 | C24: Materiais | E24: ='Materiais Geral'!AN117 -> 0
B25: 4 | C25: Equipamentos | E25: ='Equip. Geral'!AO29 -> 0
B26: Total Insumos Diversos | E26: =SUM(E22:E25) -> 0
B27: Módulo IV - ENCARGOS SOCIAIS E TRABALHISTAS
B28: Submódulo 4.1 - Encargos Previdenciários, FGTS e outras contribuições | D28: Percentual | E28: Valor
B29: 1 | C29: INSS | D29: 0.2 | E29: =E$11*D29 -> 295.58
B30: 2 | C30: SESI/SESC/SEST | D30: 0.015 | E30: =E$11*D30 -> 22.17
B31: 3 | C31: SENAI/SENAC/SENAT | D31: 0.01 | E31: =E$11*D31 -> 14.78
B32: 4 | C32: INCRA | D32: 0.002 | E32: =E$11*D32 -> 2.96
B33: 5 | C33: Salário Educação | D33: 0.025 | E33: =E$11*D33 -> 36.95
B34: 6 | C34: FGTS | D34: 0.08 | E34: =E$11*D34 -> 118.23
B35: 7 | C35: RAT x FAP | D35: 0.03 | E35: =E$11*D35 -> 44.34
B36: 8 | C36: SEBRAE | D36: 0.006 | E36: =E$11*D36 -> 8.87
B37: Total Encargos Previdenciários, FGTS e outras contribuições | D37: =SUM(D29:D36) -> 0.368 | E37: =SUM(E29:E36) -> 543.88
B38: Submódulo 4.2 - 13º Salário e Adicional de Férias
B39: 1 | C39: 13º Salário | D39: 0.0833 | E39: =E$11*D39 -> 123.11
B40: 2 | C40: Adicional de Férias | D40: 0.0278 | E40: =E$11*D40 -> 41.09
B41: 3 | C41: Incidência do Submódulo 4.1 sobre 13º Salário e Adicional de Férias | D41: 0.0409 | E41: =E$11*D41 -> 60.45
B42: 4 | C42: Inc. Multa do FGTS rescisão sem justa causa sobre 13º e Adicional de Férias | D42: =8/100*40/100*(D39+D40) -> 0.0036 | E42: =E$11*D42 -> 5.32
B43: Total 13º Salário e Adicional de Férias | D43: =SUM(D39:D42) -> 0.1556 | E43: =SUM(E39:E42) -> 229.97
B44: Submódulo 4.3 - Afastamento Maternidade
B45: 1 | C45: Férias Proporcionais relativas ao Afastamento Maternidade | D45: 0.0007 | E45: =E$11*D45 -> 1.03
B46: 2 | C46: Incidência do Submódulo 4.1 sobre as Férias Proporcionais | D46: 0.0003 | E46: =E$11*D46 -> 0.44
B47: 3 | C47: Incidência do Submódulo 4.1 sobre o período de licença-maternidade | D47: 0.0025 | E47: =E$11*D47 -> 3.69
B48: Total Afastamento Maternidade | D48: =SUM(D45:D47) -> 0.0035 | E48: =SUM(E45:E47) -> 5.16
B49: Submódulo 4.4 -Provisão para Rescisão
B50: 1 | C50: Aviso Prévio Indenizado | D50: =((1/12)*3.5/100)+(((1/12)*3.5/100)*(1/12+((1+1/3)/12))) -> 0.0035 | E50: =E$11*D50 -> 5.17
B51: 2 | C51: Incidência do Submódulo 4.1 sobre o Aviso Prévio Indenizado | D51: =D37*(1/12*(3.5/100))*1/12 -> 9e-05 | E51: =E$11*D51 -> 0.13
B52: 3 | C52: Multa do FGTS do Aviso Prévio Indenizado | D52: =8/100*40/100*D50 -> 0.00011 | E52: =E$11*D52 -> 0.16
B53: 4 | C53: Multa do FGTS para rescisão sem Justa Causa | D53: =8/100*40/100 -> 0.032 | E53: =E$11*D53 -> 47.29
B54: 5 | C54: Indenização Adicional | D54: =1/12*1/100 -> 0.0008 | E54: =E$11*D54 -> 1.18
B55: Total Provisão para Rescisão | D55: =SUM(D50:D54) -> 0.0365 | E55: =SUM(E50:E54) -> 53.93
B56: Submódulo 4.5 -Custo de Reposição do Profissional Ausente
B57: 1 | C57: Férias | D57: 0.0833 | E57: =E$11*D57 -> 123.11
B58: 2 | C58: Ausência por Doença | D58: 0.0115 | E58: =E$11*D58 -> 17
B59: 3 | C59: Licença Paternidade | D59: 0.0002 | E59: =E$11*D59 -> 0.3
B60: 4 | C60: Ausências Legais | D60: 0.0028 | E60: =E$11*D60 -> 4.14
B61: 5 | C61: Ausência por Acidente do Trabalho | D61: 0.0033 | E61: =E$11*D61 -> 4.88
B62: 6 | C62: Aviso Prévio Trabalhado | D62: 0.001 | E62: =E$11*D62 -> 1.48
B63: 7 | C63: Incidência do Submódulo 4.1 sobre o Custo de Reposição do Profissional Ausente | D63: 0.0376 | E63: =E$11*D63 -> 55.57
B64: 8 | C64: Incidência dos submódulos 2.3, 2.4 e módulo 3 sobre o Custo de Reposição | D64: =(D43+D48+D55)*SUM(D57:D62) -> 0.02 | E64: =E$11*D64 -> 29.56
B65: Total Custo de Reposição do Profissional Ausente | D65: =SUM(D57:D64) -> 0.1597 | E65: =SUM(E57:E64) -> 236.04
B66: Total de Encargos Sociais e Trabalhistas - MÓDULO 4 | D66: =D65+D55+D48+D43+D37 -> 0.7233 | E66: =E65+E55+E48+E43+E37 -> 1068.98
B67: SUBTOTAL MÓDULOS 1, 2, 3 e 4 | E67: =E65+E55+E48+E43+E37+E26+E20+E11 -> 3746.66

Sheet Encarregado noturno 44h
B2: PLANILHA DE COMPOSIÇÃO DE CUSTOS
B3: Encarregado Noturno - CBO 4101-5
B4: Item | C4: Descrição | D4: Percentual | E4: Valor
B5: Módulo I - COMPOSIÇÃO DA REMUNERAÇÃO
B6: 1 | C6: Salário Base | E6: 2575.91
B7: 2 | C7: Adicional Noturno | D7: 0.225 | E7: =G16 -> 378.4
B8: 3 | C8: Adicional Periculosidade
B9: 4 | C9: Adicional Insalubridade
B10: 5 | C10: Outros
B11: Total da Remuneração - Módulo 1 | E11: =SUM(E6:E10) -> 2954.31
B12: Módulo II - BENEFÍCIOS MENSAIS E DIÁRIOS | G12: =E6/220 -> 11.71 | H12: VALOR HORA TRABALHADA
B13: 1 | C13: Vale Transporte | E13: ='VT VA'!P12 -> 263.78 | G13: =G12*D7 -> 2.63 | H13: VALOR ADICIONAL NOTURNO / HORA
B14: 2 | C14: Desconto Legal referente ao vale transporte (6%) | E14: =-E6*6% -> -154.55
B15: 3 | C15: Auxílio Alimentação | E15: ='VT VA'!N22 -> 839.3 | G15: =6*Escala!AG88 -> 143.88 | H15: TOTAL HORAS EM DIAS DA SEMANA = 6 x 23,98
B16: 4 | C16: Auxílio Morte/Funeral | E16: 2.3 | G16: =G15*G13 -> 378.4 | H16: VALOR ADICIONAL NOTURNO
B17: 5 | C17: Plano de Saúde | E17: 160.07
B18: 6 | C18: Assistência Odontológica | E18: 10.63
B19: 7 | C19: Desconto Assistêncial Patronal | E19: 1
B20: Total de Benefícios Mensais e Diários | E20: =SUM(E13:E19) -> 1122.53
B21: Módulo III - INSUMOS DIVERSOS
B22: 1 | C22: Uniformes | E22: =Uniformes!G35 -> 0
B23: 2 | C23: EPI | E23: =EPI!I22 -> 0
B24: 3 | C24: Materiais | E24: ='Materiais Geral'!AN117 -> 0
B25: 4 | C25: Equipamentos | E25: ='Equip. Geral'!AO29 -> 0
B26: Total Insumos Diversos | E26: =SUM(E22:E25) -> 0
B27: Módulo IV - ENCARGOS SOCIAIS E TRABALHISTAS
B28: Submódulo 4.1 - Encargos Previdenciários, FGTS e outras contribuições | D28: Percentual | E28: Valor
B29: 1 | C29: INSS | D29: 0.2 | E29: =E$11*D29 -> 590.86
B30: 2 | C30: SESI/SESC/SEST | D30: 0.015 | E30: =E$11*D30 -> 44.31
B31: 3 | C31: SENAI/SENAC/SENAT | D31: 0.01 | E31: =E$11*D31 -> 29.54
B32: 4 | C32: INCRA | D32: 0.002 | E32: =E$11*D32 -> 5.91
B33: 5 | C33: Salário Educação | D33: 0.025 | E33: =E$11*D33 -> 73.86
B34: 6 | C34: FGTS | D34: 0.08 | E34: =E$11*D34 -> 236.34
B35: 7 | C35: RAT x FAP | D35: 0.03 | E35: =E$11*D35 -> 88.63
B36: 8 | C36: SEBRAE | D36: 0.006 | E36: =E$11*D36 -> 17.73
B37: Total Encargos Previdenciários, FGTS e outras contribuições | D37: =SUM(D29:D36) -> 0.368 | E37: =SUM(E29:E36) -> 1087.18
B38: Submódulo 4.2 - 13º Salário e Adicional de Férias
B39: 1 | C39: 13º Salário | D39: 0.0833 | E39: =E$11*D39 -> 246.09
B40: 2 | C40: Adicional de Férias | D40: 0.0278 | E40: =E$11*D40 -> 82.13
B41: 3 | C41: Incidência do Submódulo 4.1 sobre 13º Salário e Adicional de Férias | D41: 0.0409 | E41: =E$11*D41 -> 120.83
B42: 4 | C42: Inc. Multa do FGTS rescisão sem justa causa sobre 13º e Adicional de Férias | D42: =8/100*40/100*(D39+D40) -> 0.0036 | E42: =E$11*D42 -> 10.64
B43: Total 13º Salário e Adicional de Férias | D43: =SUM(D39:D42) -> 0.1556 | E43: =SUM(E39:E42) -> 459.69
B44: Submódulo 4.3 - Afastamento Maternidade
B45: 1 | C45: Férias Proporcionais relativas ao Afastamento Maternidade | D45: 0.0007 | E45: =E$11*D45 -> 2.07
B46: 2 | C46: Incidência do Submódulo 4.1 sobre as Férias Proporcionais | D46: 0.0003 | E46: =E$11*D46 -> 0.89
B47: 3 | C47: Incidência do Submódulo 4.1 sobre o período de licença-maternidade | D47: 0.0025 | E47: =E$11*D47 -> 7.39
B48: Total Afastamento Maternidade | D48: =SUM(D45:D47) -> 0.0035 | E48: =SUM(E45:E47) -> 10.35
B49: Submódulo 4.4 -Provisão para Rescisão
B50: 1 | C50: Aviso Prévio Indenizado | D50: =((1/12)*3.5/100)+(((1/12)*3.5/100)*(1/12+((1+1/3)/12))) -> 0.0035 | E50: =E$11*D50 -> 10.34
B51: 2 | C51: Incidência do Submódulo 4.1 sobre o Aviso Prévio Indenizado | D51: =D37*(1/12*(3.5/100))*1/12 -> 9e-05 | E51: =E$11*D51 -> 0.27
B52: 3 | C52: Multa do FGTS do Aviso Prévio Indenizado | D52: =8/100*40/100*D50 -> 0.00011 | E52: =E$11*D52 -> 0.32
B53: 4 | C53: Multa do FGTS para rescisão sem Justa Causa | D53: =8/100*40/100 -> 0.032 | E53: =E$11*D53 -> 94.54
B54: 5 | C54: Indenização Adicional | D54: =1/12*1/100 -> 0.0008 | E54: =E$11*D54 -> 2.36
B55: Total Provisão para Rescisão | D55: =SUM(D50:D54) -> 0.0365 | E55: =SUM(E50:E54) -> 107.83
B56: Submódulo 4.5 -Custo de Reposição do Profissional Ausente
B57: 1 | C57: Férias | D57: 0.0833 | E57: =E$11*D57 -> 246.09
B58: 2 | C58: Ausência por Doença | D58: 0.0115 | E58: =E$11*D58 -> 33.97
B59: 3 | C59: Licença Paternidade | D59: 0.0002 | E59: =E$11*D59 -> 0.59
B60: 4 | C60: Ausências Legais | D60: 0.0028 | E60: =E$11*D60 -> 8.27
B61: 5 | C61: Ausência por Acidente do Trabalho | D61: 0.0033 | E61: =E$11*D61 -> 9.75
B62: 6 | C62: Aviso Prévio Trabalhado | D62: 0.001 | E62: =E$11*D62 -> 2.95
B63: 7 | C63: Incidência do Submódulo 4.1 sobre o Custo de Reposição do Profissional Ausente | D63: 0.0376 | E63: =E$11*D63 -> 111.08
B64: 8 | C64: Incidência dos submódulos 2.3, 2.4 e módulo 3 sobre o Custo de Reposição | D64: =(D43+D48+D55)*SUM(D57:D62) -> 0.02 | E64: =E$11*D64 -> 59.09
B65: Total Custo de Reposição do Profissional Ausente | D65: =SUM(D57:D64) -> 0.1597 | E65: =SUM(E57:E64) -> 471.79
B66: Total de Encargos Sociais e Trabalhistas - MÓDULO 4 | D66: =D65+D55+D48+D43+D37 -> 0.7233 | E66: =E65+E55+E48+E43+E37 -> 2136.84
B67: SUBTOTAL MÓDULOS 1, 2, 3 e 4 | E67: =E65+E55+E48+E43+E37+E26+E20+E11 -> 6213.68

Sheet Copeira 44h
B2: PLANILHA DE COMPOSIÇÃO DE CUSTOS
B3: Copeira - CBO 5134-25
B4: Item | C4: Descrição | D4: Percentual | E4: Valor
B5: Módulo I - COMPOSIÇÃO DA REMUNERAÇÃO
B6: 1 | C6: Salário Base | E6: 1287.96
B7: 2 | C7: Adicional Noturno
B8: 3 | C8: Adicional Periculosidade
B9: 4 | C9: Adicional Insalubridade
B10: 5 | C10: Outros
B11: Total da Remuneração - Módulo 1 | E11: =SUM(E6:E10) -> 1287.96
B12: Módulo II - BENEFÍCIOS MENSAIS E DIÁRIOS
B13: 1 | C13: Vale Transporte | E13: =Escala!Q97*11 -> 230.12
B14: 2 | C14: Desconto Legal referente ao vale transporte (6%) | E14: =-E6*6% -> -77.28
B15: 3 | C15: Auxílio Alimentação | E15: =Escala!Q97*35 -> 732.2
B16: 4 | C16: Auxílio Morte/Funeral | E16: 2.3
B17: 5 | C17: Plano de Saúde | E17: 160.07
B18: 6 | C18: Assistência Odontológica | E18: 10.63
B19: 7 | C19: Desconto Assistêncial Patronal | E19: 1
B20: Total de Benefícios Mensais e Diários | E20: =SUM(E13:E19) -> 1059.04
B21: Módulo III - INSUMOS DIVERSOS
B22: 1 | C22: Uniformes | E22: =Uniformes!G50 -> 0
B23: 2 | C23: EPI | E23: 0
B24: 3 | C24: Materiais | E24: 0
B25: 4 | C25: Equipamentos | E25: 0
B26: Total Insumos Diversos | E26: =SUM(E22:E25) -> 0 | G26: 114 | H26: =#REF!-5.28 -> #REF! | J26: =G26*H26 -> #REF!
B27: Módulo IV - ENCARGOS SOCIAIS E TRABALHISTAS
B28: Submódulo 4.1 - Encargos Previdenciários, FGTS e outras contribuições | D28: Percentual | E28: Valor
B29: 1 | C29: INSS | D29: 0.2 | E29: =E$11*D29 -> 257.59
B30: 2 | C30: SESI/SESC/SEST | D30: 0.015 | E30: =E$11*D30 -> 19.32
B31: 3 | C31: SENAI/SENAC/SENAT | D31: 0.01 | E31: =E$11*D31 -> 12.88
B32: 4 | C32: INCRA | D32: 0.002 | E32: =E$11*D32 -> 2.58
B33: 5 | C33: Salário Educação | D33: 0.025 | E33: =E$11*D33 -> 32.2
B34: 6 | C34: FGTS | D34: 0.08 | E34: =E$11*D34 -> 103.04
B35: 7 | C35: RAT x FAP | D35: 0.03 | E35: =E$11*D35 -> 38.64
B36: 8 | C36: SEBRAE | D36: 0.006 | E36: =E$11*D36 -> 7.73
B37: Total Encargos Previdenciários, FGTS e outras contribuições | D37: =SUM(D29:D36) -> 0.368 | E37: =SUM(E29:E36) -> 473.98
B38: Submódulo 4.2 - 13º Salário e Adicional de Férias
B39: 1 | C39: 13º Salário | D39: 0.0833 | E39: =E$11*D39 -> 107.29
B40: 2 | C40: Adicional de Férias | D40: 0.0278 | E40: =E$11*D40 -> 35.81
B41: 3 | C41: Incidência do Submódulo 4.1 sobre 13º Salário e Adicional de Férias | D41: 0.0409 | E41: =E$11*D41 -> 52.68 | H41: =#REF!+J26 -> #REF!
B42: 4 | C42: Inc. Multa do FGTS rescisão sem justa causa sobre 13º e Adicional de Férias | D42: =8/100*40/100*(D39+D40) -> 0.0036 | E42: =E$11*D42 -> 4.64
B43: Total 13º Salário e Adicional de Férias | D43: =SUM(D39:D42) -> 0.1556 | E43: =SUM(E39:E42) -> 200.42
B44: Submódulo 4.3 - Afastamento Maternidade
B45: 1 | C45: Férias Proporcionais relativas ao Afastamento Maternidade | D45: 0.0007 | E45: =E$11*D45 -> 0.9
B46: 2 | C46: Incidência do Submódulo 4.1 sobre as Férias Proporcionais | D46: 0.0003 | E46: =E$11*D46 -> 0.39
B47: 3 | C47: Incidência do Submódulo 4.1 sobre o período de licença-maternidade | D47: 0.0025 | E47: =E$11*D47 -> 3.22
B48: Total Afastamento Maternidade | D48: =SUM(D45:D47) -> 0.0035 | E48: =SUM(E45:E47) -> 4.51
B49: Submódulo 4.4 -Provisão para Rescisão
B50: 1 | C50: Aviso Prévio Indenizado | D50: =((1/12)*3.5/100)+(((1/12)*3.5/100)*(1/12+((1+1/3)/12))) -> 0.0035 | E50: =E$11*D50 -> 4.51
B51: 2 | C51: Incidência do Submódulo 4.1 sobre o Aviso Prévio Indenizado | D51: =D37*(1/12*(3.5/100))*1/12 -> 9e-05 | E51: =E$11*D51 -> 0.12
B52: 3 | C52: Multa do FGTS do Aviso Prévio Indenizado | D52: =8/100*40/100*D50 -> 0.00011 | E52: =E$11*D52 -> 0.14
B53: 4 | C53: Multa do FGTS para rescisão sem Justa Causa | D53: =8/100*40/100 -> 0.032 | E53: =E$11*D53 -> 41.21
B54: 5 | C54: Indenização Adicional | D54: =1/12*1/100 -> 0.0008 | E54: =E$11*D54 -> 1.03
B55: Total Provisão para Rescisão | D55: =SUM(D50:D54) -> 0.0365 | E55: =SUM(E50:E54) -> 47.01
B56: Submódulo 4.5 -Custo de Reposição do Profissional Ausente
B57: 1 | C57: Férias | D57: 0.0833 | E57: =E$11*D57 -> 107.29
B58: 2 | C58: Ausência por Doença | D58: 0.0115 | E58: =E$11*D58 -> 14.81
B59: 3 | C59: Licença Paternidade | D59: 0.0002 | E59: =E$11*D59 -> 0.26
B60: 4 | C60: Ausências Legais | D60: 0.0028 | E60: =E$11*D60 -> 3.61
B61: 5 | C61: Ausência por Acidente do Trabalho | D61: 0.0033 | E61: =E$11*D61 -> 4.25
B62: 6 | C62: Aviso Prévio Trabalhado | D62: 0.001 | E62: =E$11*D62 -> 1.29
B63: 7 | C63: Incidência do Submódulo 4.1 sobre o Custo de Reposição do Profissional Ausente | D63: 0.0376 | E63: =E$11*D63 -> 48.43
B64: 8 | C64: Incidência dos submódulos 2.3, 2.4 e módulo 3 sobre o Custo de Reposição | D64: =(D43+D48+D55)*SUM(D57:D62) -> 0.02 | E64: =E$11*D64 -> 25.76
B65: Total Custo de Reposição do Profissional Ausente | D65: =SUM(D57:D64) -> 0.1597 | E65: =SUM(E57:E64) -> 205.7
B66: Total de Encargos Sociais e Trabalhistas - MÓDULO 4 | D66: =D65+D55+D48+D43+D37 -> 0.7233 | E66: =E65+E55+E48+E43+E37 -> 931.62
B67: SUBTOTAL MÓDULOS 1, 2, 3 e 4 | E67: =E65+E55+E48+E43+E37+E26+E20+E11 -> 3278.62

Sheet Jardineiro 44h
B2: PLANILHA DE COMPOSIÇÃO DE CUSTOS
B3: Jardineiro - CBO 6220-10
B4: Item | C4: Descrição | D4: Percentual | E4: Valor
B5: Módulo I - COMPOSIÇÃO DA REMUNERAÇÃO
B6: 1 | C6: Salário Base | E6: 1901.53
B7: 2 | C7: Adicional Noturno
B8: 3 | C8: Adicional Periculosidade
B9: 4 | C9: Adicional Insalubridade
B10: 5 | C10: Outros
B11: Total da Remuneração - Módulo 1 | E11: =SUM(E6:E10) -> 1901.53
B12: Módulo II - BENEFÍCIOS MENSAIS E DIÁRIOS
B13: 1 | C13: Vale Transporte | E13: =Escala!Q97*11 -> 230.12
B14: 2 | C14: Desconto Legal referente ao vale transporte (6%) | E14: =-E6*6% -> -114.09
B15: 3 | C15: Auxílio Alimentação | E15: =Escala!Q97*35 -> 732.2
B16: 4 | C16: Auxílio Morte/Funeral | E16: 2.3
B17: 5 | C17: Plano de Saúde | E17: 160.07
B18: 6 | C18: Assistência Odontológica | E18: 10.63
B19: 7 | C19: Desconto Assistêncial Patronal | E19: 1
B20: Total de Benefícios Mensais e Diários | E20: =SUM(E13:E19) -> 1022.23
B21: Módulo III - INSUMOS DIVERSOS
B22: 1 | C22: Uniformes | E22: =Uniformes!G66 -> 0
B23: 2 | C23: EPI | E23: =EPI!I49 -> 0
B24: 3 | C24: Materiais | E24: ='Materiais Jardim'!G39 -> 0
B25: 4 | C25: Equipamentos | E25: ='Equip. Jardim'!H18 -> 0
B26: Total Insumos Diversos | E26: =SUM(E22:E25) -> 0 | G26: 114 | H26: =#REF!-5.28 -> #REF! | J26: =G26*H26 -> #REF!
B27: Módulo IV - ENCARGOS SOCIAIS E TRABALHISTAS
B28: Submódulo 4.1 - Encargos Previdenciários, FGTS e outras contribuições | D28: Percentual | E28: Valor
B29: 1 | C29: INSS | D29: 0.2 | E29: =E$11*D29 -> 380.31
B30: 2 | C30: SESI/SESC/SEST | D30: 0.015 | E30: =E$11*D30 -> 28.52
B31: 3 | C31: SENAI/SENAC/SENAT | D31: 0.01 | E31: =E$11*D31 -> 19.02
B32: 4 | C32: INCRA | D32: 0.002 | E32: =E$11*D32 -> 3.8
B33: 5 | C33: Salário Educação | D33: 0.025 | E33: =E$11*D33 -> 47.54
B34: 6 | C34: FGTS | D34: 0.08 | E34: =E$11*D34 -> 152.12
B35: 7 | C35: RAT x FAP | D35: 0.03 | E35: =E$11*D35 -> 57.05
B36: 8 | C36: SEBRAE | D36: 0.006 | E36: =E$11*D36 -> 11.41
B37: Total Encargos Previdenciários, FGTS e outras contribuições | D37: =SUM(D29:D36) -> 0.368 | E37: =SUM(E29:E36) -> 699.77
B38: Submódulo 4.2 - 13º Salário e Adicional de Férias
B39: 1 | C39: 13º Salário | D39: 0.0833 | E39: =E$11*D39 -> 158.4
B40: 2 | C40: Adicional de Férias | D40: 0.0278 | E40: =E$11*D40 -> 52.86
B41: 3 | C41: Incidência do Submódulo 4.1 sobre 13º Salário e Adicional de Férias | D41: 0.0409 | E41: =E$11*D41 -> 77.77 | H41: =#REF!+J26 -> #REF!
B42: 4 | C42: Inc. Multa do FGTS rescisão sem justa causa sobre 13º e Adicional de Férias | D42: =8/100*40/100*(D39+D40) -> 0.0036 | E42: =E$11*D42 -> 6.85
B43: Total 13º Salário e Adicional de Férias | D43: =SUM(D39:D42) -> 0.1556 | E43: =SUM(E39:E42) -> 295.88
B44: Submódulo 4.3 - Afastamento Maternidade
B45: 1 | C45: Férias Proporcionais relativas ao Afastamento Maternidade | D45: 0.0007 | E45: =E$11*D45 -> 1.33
B46: 2 | C46: Incidência do Submódulo 4.1 sobre as Férias Proporcionais | D46: 0.0003 | E46: =E$11*D46 -> 0.57
B47: 3 | C47: Incidência do Submódulo 4.1 sobre o período de licença-maternidade | D47: 0.0025 | E47: =E$11*D47 -> 4.75
B48: Total Afastamento Maternidade | D48: =SUM(D45:D47) -> 0.0035 | E48: =SUM(E45:E47) -> 6.65
B49: Submódulo 4.4 -Provisão para Rescisão
B50: 1 | C50: Aviso Prévio Indenizado | D50: =((1/12)*3.5/100)+(((1/12)*3.5/100)*(1/12+((1+1/3)/12))) -> 0.0035 | E50: =E$11*D50 -> 6.66
B51: 2 | C51: Incidência do Submódulo 4.1 sobre o Aviso Prévio Indenizado | D51: =D37*(1/12*(3.5/100))*1/12 -> 9e-05 | E51: =E$11*D51 -> 0.17
B52: 3 | C52: Multa do FGTS do Aviso Prévio Indenizado | D52: =8/100*40/100*D50 -> 0.00011 | E52: =E$11*D52 -> 0.21
B53: 4 | C53: Multa do FGTS para rescisão sem Justa Causa | D53: =8/100*40/100 -> 0.032 | E53: =E$11*D53 -> 60.85
B54: 5 | C54: Indenização Adicional | D54: =1/12*1/100 -> 0.0008 | E54: =E$11*D54 -> 1.52
B55: Total Provisão para Rescisão | D55: =SUM(D50:D54) -> 0.0365 | E55: =SUM(E50:E54) -> 69.41
B56: Submódulo 4.5 -Custo de Reposição do Profissional Ausente
B57: 1 | C57: Férias | D57: 0.0833 | E57: =E$11*D57 -> 158.4
B58: 2 | C58: Ausência por Doença | D58: 0.0115 | E58: =E$11*D58 -> 21.87
B59: 3 | C59: Licença Paternidade | D59: 0.0002 | E59: =E$11*D59 -> 0.38
B60: 4 | C60: Ausências Legais | D60: 0.0028 | E60: =E$11*D60 -> 5.32
B61: 5 | C61: Ausência por Acidente do Trabalho | D61: 0.0033 | E61: =E$11*D61 -> 6.28
B62: 6 | C62: Aviso Prévio Trabalhado | D62: 0.001 | E62: =E$11*D62 -> 1.9
B63: 7 | C63: Incidência do Submódulo 4.1 sobre o Custo de Reposição do Profissional Ausente | D63: 0.0376 | E63: =E$11*D63 -> 71.5
B64: 8 | C64: Incidência dos submódulos 2.3, 2.4 e módulo 3 sobre o Custo de Reposição | D64: =(D43+D48+D55)*SUM(D57:D62) -> 0.02 | E64: =E$11*D64 -> 38.03
B65: Total Custo de Reposição do Profissional Ausente | D65: =SUM(D57:D64) -> 0.1597 | E65: =SUM(E57:E64) -> 303.68
B66: Total de Encargos Sociais e Trabalhistas - MÓDULO 4 | D66: =D65+D55+D48+D43+D37 -> 0.7233 | E66: =E65+E55+E48+E43+E37 -> 1375.39
B67: SUBTOTAL MÓDULOS 1, 2, 3 e 4 | E67: =E65+E55+E48+E43+E37+E26+E20+E11 -> 4299.15

Sheet Recepcionista 44h
B2: PLANILHA DE COMPOSIÇÃO DE CUSTOS
B3: Recepcionista - CBO 4221-05
B4: Item | C4: Descrição | D4: Percentual | E4: Valor
B5: Módulo I - COMPOSIÇÃO DA REMUNERAÇÃO
B6: 1 | C6: Salário Base | E6: 1901.53
B7: 2 | C7: Adicional Noturno
B8: 3 | C8: Adicional Periculosidade
B9: 4 | C9: Adicional Insalubridade
B10: 5 | C10: Outros
B11: Total da Remuneração - Módulo 1 | E11: =SUM(E6:E10) -> 1901.53
B12: Módulo II - BENEFÍCIOS MENSAIS E DIÁRIOS
B13: 1 | C13: Vale Transporte | E13: =Escala!Q97*11 -> 230.12
B14: 2 | C14: Desconto Legal referente ao vale transporte (6%) | E14: =-E6*6% -> -114.09
B15: 3 | C15: Auxílio Alimentação | E15: =Escala!Q97*35 -> 732.2
B16: 4 | C16: Auxílio Morte/Funeral | E16: 2.3
B17: 5 | C17: Plano de Saúde | E17: 160.07
B18: 6 | C18: Assistência Odontológica | E18: 10.63
B19: 7 | C19: Desconto Assistêncial Patronal | E19: 1
B20: Total de Benefícios Mensais e Diários | E20: =SUM(E13:E19) -> 1022.23
B21: Módulo III - INSUMOS DIVERSOS
B22: 1 | C22: Uniformes | E22: =Uniformes!G82 -> 0
B23: 2 | C23: EPI | E23: 0
B24: 3 | C24: Materiais | E24: 0
B25: 4 | C25: Equipamentos | E25: 0
B26: Total Insumos Diversos | E26: =SUM(E22:E25) -> 0 | G26: 114 | H26: =#REF!-5.28 -> #REF! | J26: =G26*H26 -> #REF!
B27: Módulo IV - ENCARGOS SOCIAIS E TRABALHISTAS
B28: Submódulo 4.1 - Encargos Previdenciários, FGTS e outras contribuições | D28: Percentual | E28: Valor
B29: 1 | C29: INSS | D29: 0.2 | E29: =E$11*D29 -> 380.31
B30: 2 | C30: SESI/SESC/SEST | D30: 0.015 | E30: =E$11*D30 -> 28.52
B31: 3 | C31: SENAI/SENAC/SENAT | D31: 0.01 | E31: =E$11*D31 -> 19.02
B32: 4 | C32: INCRA | D32: 0.002 | E32: =E$11*D32 -> 3.8
B33: 5 | C33: Salário Educação | D33: 0.025 | E33: =E$11*D33 -> 47.54
B34: 6 | C34: FGTS | D34: 0.08 | E34: =E$11*D34 -> 152.12
B35: 7 | C35: RAT x FAP | D35: 0.03 | E35: =E$11*D35 -> 57.05
B36: 8 | C36: SEBRAE | D36: 0.006 | E36: =E$11*D36 -> 11.41
B37: Total Encargos Previdenciários, FGTS e outras contribuições | D37: =SUM(D29:D36) -> 0.368 | E37: =SUM(E29:E36) -> 699.77
B38: Submódulo 4.2 - 13º Salário e Adicional de Férias
B39: 1 | C39: 13º Salário | D39: 0.0833 | E39: =E$11*D39 -> 158.4
B40: 2 | C40: Adicional de Férias | D40: 0.0278 | E40: =E$11*D40 -> 52.86
B41: 3 | C41: Incidência do Submódulo 4.1 sobre 13º Salário e Adicional de Férias | D41: 0.0409 | E41: =E$11*D41 -> 77.77 | H41: =#REF!+J26 -> #REF!
B42: 4 | C42: Inc. Multa do FGTS rescisão sem justa causa sobre 13º e Adicional de Férias | D42: =8/100*40/100*(D39+D40) -> 0.0036 | E42: =E$11*D42 -> 6.85
B43: Total 13º Salário e Adicional de Férias | D43: =SUM(D39:D42) -> 0.1556 | E43: =SUM(E39:E42) -> 295.88
B44: Submódulo 4.3 - Afastamento Maternidade
B45: 1 | C45: Férias Proporcionais relativas ao Afastamento Maternidade | D45: 0.0007 | E45: =E$11*D45 -> 1.33
B46: 2 | C46: Incidência do Submódulo 4.1 sobre as Férias Proporcionais | D46: 0.0003 | E46: =E$11*D46 -> 0.57
B47: 3 | C47: Incidência do Submódulo 4.1 sobre o período de licença-maternidade | D47: 0.0025 | E47: =E$11*D47 -> 4.75
B48: Total Afastamento Maternidade | D48: =SUM(D45:D47) -> 0.0035 | E48: =SUM(E45:E47) -> 6.65
B49: Submódulo 4.4 -Provisão para Rescisão
B50: 1 | C50: Aviso Prévio Indenizado | D50: =((1/12)*3.5/100)+(((1/12)*3.5/100)*(1/12+((1+1/3)/12))) -> 0.0035 | E50: =E$11*D50 -> 6.66
B51: 2 | C51: Incidência do Submódulo 4.1 sobre o Aviso Prévio Indenizado | D51: =D37*(1/12*(3.5/100))*1/12 -> 9e-05 | E51: =E$11*D51 -> 0.17
B52: 3 | C52: Multa do FGTS do Aviso Prévio Indenizado | D52: =8/100*40/100*D50 -> 0.00011 | E52: =E$11*D52 -> 0.21
B53: 4 | C53: Multa do FGTS para rescisão sem Justa Causa | D53: =8/100*40/100 -> 0.032 | E53: =E$11*D53 -> 60.85
B54: 5 | C54: Indenização Adicional | D54: =1/12*1/100 -> 0.0008 | E54: =E$11*D54 -> 1.52
B55: Total Provisão para Rescisão | D55: =SUM(D50:D54) -> 0.0365 | E55: =SUM(E50:E54) -> 69.41
B56: Submódulo 4.5 -Custo de Reposição do Profissional Ausente
B57: 1 | C57: Férias | D57: 0.0833 | E57: =E$11*D57 -> 158.4
B58: 2 | C58: Ausência por Doença | D58: 0.0115 | E58: =E$11*D58 -> 21.87
B59: 3 | C59: Licença Paternidade | D59: 0.0002 | E59: =E$11*D59 -> 0.38
B60: 4 | C60: Ausências Legais | D60: 0.0028 | E60: =E$11*D60 -> 5.32
B61: 5 | C61: Ausência por Acidente do Trabalho | D61: 0.0033 | E61: =E$11*D61 -> 6.28
B62: 6 | C62: Aviso Prévio Trabalhado | D62: 0.001 | E62: =E$11*D62 -> 1.9
B63: 7 | C63: Incidência do Submódulo 4.1 sobre o Custo de Reposição do Profissional Ausente | D63: 0.0376 | E63: =E$11*D63 -> 71.5
B64: 8 | C64: Incidência dos submódulos 2.3, 2.4 e módulo 3 sobre o Custo de Reposição | D64: =(D43+D48+D55)*SUM(D57:D62) -> 0.02 | E64: =E$11*D64 -> 38.03
B65: Total Custo de Reposição do Profissional Ausente | D65: =SUM(D57:D64) -> 0.1597 | E65: =SUM(E57:E64) -> 303.68
B66: Total de Encargos Sociais e Trabalhistas - MÓDULO 4 | D66: =D65+D55+D48+D43+D37 -> 0.7233 | E66: =E65+E55+E48+E43+E37 -> 1375.39
B67: SUBTOTAL MÓDULOS 1, 2, 3 e 4 | E67: =E65+E55+E48+E43+E37+E26+E20+E11 -> 4299.15

Sheet Escala
G6: Modelo Escala - 5x2 - Folga Deslocada
G7: 2021 - 4 Equipes
H9: TER | I9: QUA | J9: QUI | K9: SEX | L9: SÁB | M9: DOM | N9: SEG | O9: TER | P9: QUA | Q9: QUI | R9: SEX | S9: SÁB | T9: DOM | U9: SEG | V9: TER | W9: QUA | X9: QUI | Y9: SEX | Z9: SÁB | AA9: DOM | AB9: SEG | AC9: TER | AD9: QUA | AE9: QUI | AF9: SEX | AG9: SÁB | AH9: DOM | AI9: SEG
H10: 1 | I10: 1 | J10: 1 | K10: 1 | L10: 1 | M10: F | N10: F | O10: 1 | P10: 1 | Q10: 1 | R10: 1 | S10: 1 | T10: 1 | U10: F | V10: 1 | W10: 1 | X10: 1 | Y10: 1 | Z10: 1 | AA10: 1 | AB10: F | AC10: 1 | AD10: 1 | AE10: 1 | AF10: 1 | AG10: 1 | AH10: F | AI10: F
H11: F | I11: 2 | J11: 2 | K11: 2 | L11: 2 | M11: 2 | N11: 2 | O11: F | P11: 2 | Q11: 2 | R11: 2 | S11: 2 | T11: F | U11: 2 | V11: F | W11: 2 | X11: 2 | Y11: 2 | Z11: 2 | AA11: F | AB11: 2 | AC11: F | AD11: 2 | AE11: 2 | AF11: 2 | AG11: 2 | AH11: 2 | AI11: 2
H12: 3 | I12: F | J12: 3 | K12: 3 | L12: 3 | M12: F | N12: 3 | O12: 3 | P12: F | Q12: 3 | R12: 3 | S12: 3 | T12: 3 | U12: 3 | V12: 3 | W12: F | X12: 3 | Y12: 3 | Z12: 3 | AA12: F | AB12: 3 | AC12: 3 | AD12: F | AE12: 3 | AF12: 3 | AG12: 3 | AH12: 3 | AI12: 3
H13: 4 | I13: 4 | J13: F | K13: 4 | L13: 4 | M13: 4 | N13: 4 | O13: 4 | P13: 4 | Q13: F | R13: 4 | S13: 4 | T13: F | U13: 4 | V13: 4 | W13: 4 | X13: F | Y13: 4 | Z13: 4 | AA13: 4 | AB13: 4 | AC13: 4 | AD13: 4 | AE13: F | AF13: 4 | AG13: 4 | AH13: F | AI13: 4
G14: DEZ | H14: =+AI44+1 -> 29 | I14: 30 | J14: 31 | K14: 1 | L14: =+K14+1 -> 2 | M14: =+L14+1 -> 3 | N14: =+M14+1 -> 4 | O14: =+N14+1 -> 5 | P14: =+O14+1 -> 6 | Q14: =+P14+1 -> 7 | R14: =+Q14+1 -> 8 | S14: =+R14+1 -> 9 | ... AI14: =+AH14+1 -> 25 | AJ14: JAN
G15: JAN | H15: =AI14+1 -> 26 | I15: =H15+1 -> 27 | J15: =I15+1 -> 28 | K15: =J15+1 -> 29 | L15: =K15+1 -> 30 | M15: =L15+1 -> 31 | N15: 1 | O15: =N15+1 -> 2 | P15: =O15+1 -> 3 | Q15: =P15+1 -> 4 | R15: =Q15+1 -> 5 | S15: =R15+1 -> 6 | T15: =S15+1 -> 7 | U15: =T15+1 -> 8 | V15: =U15+1 -> 9 | ... AI15: =AH15+1 -> 22 | AJ15: FEV
G16: FEV | H16: =AI15+1 -> 23 | I16: =H16+1 -> 24 | J16: =I16+1 -> 25 | K16: =J16+1 -> 26 | L16: =K16+1 -> 27 | M16: =L16+1 -> 28 | N16: 1 | O16: =N16+1 -> 2 | P16: =O16+1 -> 3 | Q16: =P16+1 -> 4 | R16: =Q16+1 -> 5 | S16: =R16+1 -> 6 | T16: =S16+1 -> 7 | U16: =T16+1 -> 8 | V16: =U16+1 -> 9 | ... AI16: =AH16+1 -> 22 | AJ16: MAR
G17: MAR | H17: =AI16+1 -> 23 | I17: =H17+1 -> 24 | J17: =I17+1 -> 25 | K17: =J17+1 -> 26 | L17: =K17+1 -> 27 | M17: =L17+1 -> 28 | N17: =M17+1 -> 29 | O17: =N17+1 -> 30 | P17: =O17+1 -> 31 | Q17: 1 | R17: =Q17+1 -> 2 | S17: =R17+1 -> 3 | T17: =S17+1 -> 4 | U17: =T17+1 -> 5 | V17: =U17+1 -> 6 | W17: =V17+1 -> 7 | X17: =W17+1 -> 8 | Y17: =X17+1 -> 9 | ... AI17: =AH17+1 -> 19 | AJ17: ABR
G18: ABR | H18: =AI17+1 -> 20 | I18: =H18+1 -> 21 | J18: =I18+1 -> 22 | K18: =J18+1 -> 23 | L18: =K18+1 -> 24 | M18: =L18+1 -> 25 | N18: =M18+1 -> 26 | O18: =N18+1 -> 27 | P18: =O18+1 -> 28 | ... R18: =Q18+1 -> 30 | S18: 1 | T18: =S18+1 -> 2 | U18: =T18+1 -> 3 | V18: =U18+1 -> 4 | W18: =V18+1 -> 5 | X18: =W18+1 -> 6 | Y18: =X18+1 -> 7 | Z18: =Y18+1 -> 8 | AA18: =Z18+1 -> 9 | ... AI18: =AH18+1 -> 17 | AJ18: MAI
G19: MAI | H19: =AI18+1 -> 18 | I19: =H19+1 -> 19 | J19: =I19+1 -> 20 | K19: =J19+1 -> 21 | L19: =K19+1 -> 22 | M19: =L19+1 -> 23 | N19: =M19+1 -> 24 | O19: =N19+1 -> 25 | P19: =O19+1 -> 26 | ... U19: =T19+1 -> 31 | V19: 1 | W19: =V19+1 -> 2 | X19: =W19+1 -> 3 | Y19: =X19+1 -> 4 | Z19: =Y19+1 -> 5 | AA19: =Z19+1 -> 6 | AB19: =AA19+1 -> 7 | AC19: =AB19+1 -> 8 | AD19: =AC19+1 -> 9 | ... AI19: =AH19+1 -> 14 | AJ19: JUN
G20: JUN | H20: =AI19+1 -> 15 | I20: =H20+1 -> 16 | J20: =I20+1 -> 17 | K20: =J20+1 -> 18 | L20: =K20+1 -> 19 | M20: =L20+1 -> 20 | N20: =M20+1 -> 21 | O20: =N20+1 -> 22 | P20: =O20+1 -> 23 | ... W20: =V20+1 -> 30 | X20: 1 | Y20: =X20+1 -> 2 | Z20: =Y20+1 -> 3 | AA20: =Z20+1 -> 4 | AB20: =AA20+1 -> 5 | AC20: =AB20+1 -> 6 | AD20: =AC20+1 -> 7 | AE20: =AD20+1 -> 8 | AF20: =AE20+1 -> 9 | ... AI20: =AH20+1 -> 12 | AJ20: JUL
G21: JUL | H21: =AI20+1 -> 13 | I21: =H21+1 -> 14 | J21: =I21+1 -> 15 | K21: =J21+1 -> 16 | L21: =K21+1 -> 17 | M21: =L21+1 -> 18 | N21: =M21+1 -> 19 | O21: =N21+1 -> 20 | P21: =O21+1 -> 21 | ... Z21: =Y21+1 -> 31 | AA21: 1 | AB21: =AA21+1 -> 2 | AC21: =AB21+1 -> 3 | AD21: =AC21+1 -> 4 | AE21: =AD21+1 -> 5 | AF21: =AE21+1 -> 6 | AG21: =AF21+1 -> 7 | AH21: =AG21+1 -> 8 | AI21: =AH21+1 -> 9 | AJ21: AGO
G22: AGO | H22: =AI21+1 -> 10 | I22: =H22+1 -> 11 | J22: =I22+1 -> 12 | K22: =J22+1 -> 13 | L22: =K22+1 -> 14 | M22: =L22+1 -> 15 | N22: =M22+1 -> 16 | O22: =N22+1 -> 17 | P22: =O22+1 -> 18 | ... AC22: =AB22+1 -> 31 | AD22: 1 | AE22: =AD22+1 -> 2 | AF22: =AE22+1 -> 3 | AG22: =AF22+1 -> 4 | AH22: =AG22+1 -> 5 | AI22: =AH22+1 -> 6 | AJ22: SET
G23: SET | H23: =AI22+1 -> 7 | I23: =H23+1 -> 8 | J23: =I23+1 -> 9 | K23: =J23+1 -> 10 | L23: =K23+1 -> 11 | M23: =L23+1 -> 12 | N23: =M23+1 -> 13 | O23: =N23+1 -> 14 | P23: =O23+1 -> 15 | ... AE23: =AD23+1 -> 30 | AF23: 1 | AG23: =AF23+1 -> 2 | AH23: =AG23+1 -> 3 | AI23: =AH23+1 -> 4 | AJ23: OUT
G24: OUT | H24: =AI23+1 -> 5 | I24: =H24+1 -> 6 | J24: =I24+1 -> 7 | K24: =J24+1 -> 8 | L24: =K24+1 -> 9 | M24: =L24+1 -> 10 | N24: =M24+1 -> 11 | O24: =N24+1 -> 12 | P24: =O24+1 -> 13 | ... AH24: =AG24+1 -> 31 | AI24: 1 | AJ24: NOV
G25: NOV | H25: =AI24+1 -> 2 | I25: =H25+1 -> 3 | J25: =I25+1 -> 4 | K25: =J25+1 -> 5 | L25: =K25+1 -> 6 | M25: =L25+1 -> 7 | N25: =M25+1 -> 8 | O25: =N25+1 -> 9 | P25: =O25+1 -> 10 | ... AI25: =AH25+1 -> 29 | AJ25: NOV
G26: NOV | H26: =AI25+1 -> 30 | I26: 1 | J26: =I26+1 -> 2 | K26: =J26+1 -> 3 | L26: =K26+1 -> 4 | M26: =L26+1 -> 5 | N26: =M26+1 -> 6 | O26: =N26+1 -> 7 | P26: =O26+1 -> 8 | Q26: =P26+1 -> 9 | ... AI26: =AH26+1 -> 27 | AJ26: DEZ
G27: DEZ | H27: =AI26+1 -> 28 | I27: =H27+1 -> 29 | J27: =I27+1 -> 30 | K27: =J27+1 -> 31 | L27: 1 | M27: =L27+1 -> 2 | N27: =M27+1 -> 3 | O27: =N27+1 -> 4 | P27: =O27+1 -> 5 | Q27: =P27+1 -> 6 | R27: =Q27+1 -> 7 | S27: =R27+1 -> 8 | T27: =S27+1 -> 9 | ... AI27: =AH27+1 -> 24 | AJ27: JAN
G32: DEZ | H32: 31 | I32: 1 | J32: =+I32+1 -> 2 | K32: =+J32+1 -> 3 | L32: =+K32+1 -> 4 | M32: =+L32+1 -> 5 | N32: =+M32+1 -> 6 | O32: =+N32+1 -> 7 | P32: =+O32+1 -> 8 | Q32: =+P32+1 -> 9 | ... AI32: =+AH32+1 -> 27 | AJ32: JAN
G33: JAN | H33: =+AI32+1 -> 28 | I33: =+H33+1 -> 29 | J33: =+I33+1 -> 30 | K33: 31 | L33: 1 | M33: 2 | N33: =+M33+1 -> 3 | O33: =+N33+1 -> 4 | P33: =+O33+1 -> 5 | Q33: =+P33+1 -> 6 | R33: =+Q33+1 -> 7 | S33: =+R33+1 -> 8 | T33: =+S33+1 -> 9 | U33: =+T33+1 -> 10 | ... AI33: =+AH33+1 -> 24 | AJ33: FEV
G34: FEV | H34: =+AI33+1 -> 25 | I34: =+H34+1 -> 26 | J34: =+I34+1 -> 27 | K34: 28 | M34: 1 | N34: 2 | O34: =+N34+1 -> 3 | P34: =+O34+1 -> 4 | Q34: =+P34+1 -> 5 | R34: =+Q34+1 -> 6 | S34: =+R34+1 -> 7 | T34: =+S34+1 -> 8 | U34: =+T34+1 -> 9 | V34: =+U34+1 -> 10 | ... AI34: =+AH34+1 -> 23 | AJ34: MAR
G35: MAR | H35: =+AI34+1 -> 24 | I35: =+H35+1 -> 25 | J35: =+I35+1 -> 26 | K35: =+J35+1 -> 27 | L35: =+K35+1 -> 28 | M35: =+L35+1 -> 29 | N35: =+M35+1 -> 30 | O35: =+N35+1 -> 31 | P35: 1 | Q35: =+P35+1 -> 2 | R35: =+Q35+1 -> 3 | S35: =+R35+1 -> 4 | T35: =+S35+1 -> 5 | U35: =+T35+1 -> 6 | V35: =+U35+1 -> 7 | W35: =+V35+1 -> 8 | X35: =+W35+1 -> 9 | ... AI35: =+AH35+1 -> 20 | AJ35: ABR
G36: ABR | H36: =+AI35+1 -> 21 | I36: =+H36+1 -> 22 | J36: =+I36+1 -> 23 | K36: =+J36+1 -> 24 | L36: =+K36+1 -> 25 | M36: =+L36+1 -> 26 | N36: =+M36+1 -> 27 | O36: =+N36+1 -> 28 | P36: =+O36+1 -> 29 | Q36: =+P36+1 -> 30 | R36: 1 | S36: =+R36+1 -> 2 | T36: =+S36+1 -> 3 | U36: =+T36+1 -> 4 | V36: =+U36+1 -> 5 | W36: =+V36+1 -> 6 | X36: =+W36+1 -> 7 | Y36: =+X36+1 -> 8 | Z36: =+Y36+1 -> 9 | ... AI36: =+AH36+1 -> 18 | AJ36: MAI
G37: MAI | H37: =+AI36+1 -> 19 | I37: =+H37+1 -> 20 | J37: =+I37+1 -> 21 | K37: =+J37+1 -> 22 | L37: =+K37+1 -> 23 | M37: =+L37+1 -> 24 | N37: =+M37+1 -> 25 | O37: =+N37+1 -> 26 | P37: =+O37+1 -> 27 | ... T37: =+S37+1 -> 31 | U37: 1 | V37: =+U37+1 -> 2 | W37: =+V37+1 -> 3 | X37: =+W37+1 -> 4 | Y37: =+X37+1 -> 5 | Z37: =+Y37+1 -> 6 | AA37: =+Z37+1 -> 7 | AB37: =+AA37+1 -> 8 | AC37: =+AB37+1 -> 9 | ... AI37: =+AH37+1 -> 15 | AJ37: JUN
G38: JUN | H38: =+AI37+1 -> 16 | I38: =+H38+1 -> 17 | J38: =+I38+1 -> 18 | K38: =+J38+1 -> 19 | L38: =+K38+1 -> 20 | M38: =+L38+1 -> 21 | N38: =+M38+1 -> 22 | O38: =+N38+1 -> 23 | P38: =+O38+1 -> 24 | ... V38: =+U38+1 -> 30 | W38: 1 | X38: =+W38+1 -> 2 | Y38: =+X38+1 -> 3 | Z38: =+Y38+1 -> 4 | AA38: =+Z38+1 -> 5 | AB38: =+AA38+1 -> 6 | AC38: =+AB38+1 -> 7 | AD38: =+AC38+1 -> 8 | AE38: =+AD38+1 -> 9 | ... AI38: =+AH38+1 -> 13 | AJ38: JUL
G39: JUL | H39: =+AI38+1 -> 14 | I39: =+H39+1 -> 15 | J39: =+I39+1 -> 16 | K39: =+J39+1 -> 17 | L39: =+K39+1 -> 18 | M39: =+L39+1 -> 19 | N39: =+M39+1 -> 20 | O39: =+N39+1 -> 21 | P39: =+O39+1 -> 22 | ... Y39: =+X39+1 -> 31 | Z39: 1 | AA39: =+Z39+1 -> 2 | AB39: =+AA39+1 -> 3 | AC39: =+AB39+1 -> 4 | AD39: =+AC39+1 -> 5 | AE39: =+AD39+1 -> 6 | AF39: =+AE39+1 -> 7 | AG39: =+AF39+1 -> 8 | AH39: =+AG39+1 -> 9 | AI39: =+AH39+1 -> 10 | AJ39: AGO
G40: AGO | H40: =+AI39+1 -> 11 | I40: =+H40+1 -> 12 | J40: =+I40+1 -> 13 | K40: =+J40+1 -> 14 | L40: =+K40+1 -> 15 | M40: =+L40+1 -> 16 | N40: =+M40+1 -> 17 | O40: =+N40+1 -> 18 | P40: =+O40+1 -> 19 | ... AB40: =+AA40+1 -> 31 | AC40: 1 | AD40: =+AC40+1 -> 2 | AE40: =+AD40+1 -> 3 | AF40: =+AE40+1 -> 4 | AG40: =+AF40+1 -> 5 | AH40: =+AG40+1 -> 6 | AI40: =+AH40+1 -> 7 | AJ40: SET
G41: SET | H41: =+AI40+1 -> 8 | I41: =+H41+1 -> 9 | J41: =+I41+1 -> 10 | K41: =+J41+1 -> 11 | L41: =+K41+1 -> 12 | M41: =+L41+1 -> 13 | N41: =+M41+1 -> 14 | O41: =+N41+1 -> 15 | P41: =+O41+1 -> 16 | ... AD41: =+AC41+1 -> 30 | AE41: 1 | AF41: =+AE41+1 -> 2 | AG41: =+AF41+1 -> 3 | AH41: =+AG41+1 -> 4 | AI41: =+AH41+1 -> 5 | AJ41: OUT
G42: OUT | H42: =+AI41+1 -> 6 | I42: =+H42+1 -> 7 | J42: =+I42+1 -> 8 | K42: =+J42+1 -> 9 | L42: =+K42+1 -> 10 | M42: =+L42+1 -> 11 | N42: =+M42+1 -> 12 | O42: =+N42+1 -> 13 | P42: =+O42+1 -> 14 | ... AG42: =+AF42+1 -> 31 | AH42: 1 | AI42: =+AH42+1 -> 2 | AJ42: NOV
G43: NOV | H43: =+AI42+1 -> 3 | I43: =+H43+1 -> 4 | J43: =+I43+1 -> 5 | K43: =+J43+1 -> 6 | L43: =+K43+1 -> 7 | M43: =+L43+1 -> 8 | N43: =+M43+1 -> 9 | O43: =+N43+1 -> 10 | P43: =+O43+1 -> 11 | ... AI43: =+AH43+1 -> 30 | AJ43: NOV
G44: DEZ | H44: 1 | I44: =+H44+1 -> 2 | J44: =+I44+1 -> 3 | K44: =+J44+1 -> 4 | L44: =+K44+1 -> 5 | M44: =+L44+1 -> 6 | N44: =+M44+1 -> 7 | O44: =+N44+1 -> 8 | P44: =+O44+1 -> 9 | ... AI44: =+AH44+1 -> 28 | AJ44: DEZ
H47: Equipe 01 | Y47: Equipe 03
H49: Mês | J49: Folgas | M49: Total de dias no ano | Q49: =365 -> 365 | Y49: Mês | AA49: Folgas | AD49: Total de dias no ano | AH49: =365 -> 365
H50: janeiro | J50: 7 | M50: Total de folgas | Q50: =J62 -> 78 | Y50: janeiro | AA50: 6 | AD50: Total de folgas | AH50: =AA62 -> 77
H51: fevereiro | J51: 6 | M51: Total dias trabalhados | Q51: =Q49-Q50 -> 287 | Y51: fevereiro | AA51: 6 | AD51: Total dias trabalhados | AH51: =AH49-AH50 -> 288
H52: março | J52: 7 | Y52: março | AA52: 7
H53: abril | J53: 6 | M53: Média mensal dias trabalhados | Q53: =Q51/12 -> 23.92 | Y53: abril | AA53: 6 | AD53: Média mensal dias trabalhados | AH53: =AH51/12 -> 24
H54: maio | J54: 7 | Y54: maio | AA54: 6
H55: junho | J55: 6 | Y55: junho | AA55: 7
H56: julho | J56: 6 | Y56: julho | AA56: 6
H57: agosto | J57: 7 | Y57: agosto | AA57: 7
H58: setembro | J58: 6 | Y58: setembro | AA58: 7
H59: outubro | J59: 7 | Y59: outubro | AA59: 6
H60: novembro | J60: 7 | Y60: novembro | AA60: 6
H61: dezembro | J61: 6 | Y61: dezembro | AA61: 7
H62: Total | J62: =SUM(J50:K61) -> 78 | Y62: Total | AA62: =SUM(AA50:AB61) -> 77
H67: Equipe 02 | Y67: Equipe 04
H69: Mês | J69: Folgas | M69: Total de dias no ano | Q69: =365 -> 365 | Y69: Mês | AA69: Folgas | AD69: Total de dias no ano | AH69: =365 -> 365
H70: janeiro | J70: 6 | M70: Total de folgas | Q70: =J82 -> 77 | Y70: janeiro | AA70: 6 | AD70: Total de folgas | AH70: =AA82 -> 77
H71: fevereiro | J71: 6 | M71: Total dias trabalhados | Q71: =Q69-Q70 -> 288 | Y71: fevereiro | AA71: 6 | AD71: Total dias trabalhados | AH71: =AH69-AH70 -> 288
H72: março | J72: 6 | Y72: março | AA72: 6
H73: abril | J73: 6 | M73: Média mensal dias trabalhados | Q73: =Q71/12 -> 24 | Y73: abril | AA73: 7 | AD73: Média mensal dias trabalhados | AH73: =AH71/12 -> 24
H74: maio | J74: 7 | Y74: maio | AA74: 7
H75: junho | J75: 7 | Y75: junho | AA75: 6
H76: julho | J76: 6 | Y76: julho | AA76: 7
H77: agosto | J77: 8 | Y77: agosto | AA77: 6
H78: setembro | J78: 6 | Y78: setembro | AA78: 7
H79: outubro | J79: 6 | Y79: outubro | AA79: 6
H80: novembro | J80: 7 | Y80: novembro | AA80: 6
H81: dezembro | J81: 6 | Y81: dezembro | AA81: 7
H82: Total | J82: =SUM(J70:K81) -> 77 | Y82: Total | AA82: =SUM(AA70:AB81) -> 77
Y88: MÉDIA MENSAL DE DIAS TRABALHADOS (SERVENTES/ENCARREGADOS) | AG88: =AVERAGE(Q73,Q53,AH53,AH73) -> 23.98
H93: Copeiras - Jardineiros - Recepcionistas
H94: Folgas aos sábados, domingos e feriados
H96: Mês | J96: Total dias | K96: Folgas Sáb/Dom | M96: Folgas feriados | O96: Dias trabalhados | Q96: Média mensal de dias trabalhados
H97: jan | J97: 31 | K97: 10 | M97: 1 | O97: =J97-K97-M97 -> 20 | Q97: =O110/12 -> 20.92
H98: fev | J98: 28 | K98: 8 | M98: 1 | O98: =J98-K98-M98 -> 19
H99: mar | J99: 31 | K99: 8 | M99: 0 | O99: =J99-K99-M99 -> 23
H100: abr | J100: 30 | K100: 8 | M100: 2 | O100: =J100-K100-M100 -> 20
H101: mai | J101: 31 | K101: 10 | M101: 0 | O101: =J101-K101-M101 -> 21
H102: jun | J102: 30 | K102: 8 | M102: 1 | O102: =J102-K102-M102 -> 21
H103: jul | J103: 31 | K103: 9 | M103: 0 | O103: =J103-K103-M103 -> 22
H104: ago | J104: 31 | K104: 9 | M104: 0 | O104: =J104-K104-M104 -> 22
H105: set | J105: 30 | K105: 8 | M105: 1 | O105: =J105-K105-M105 -> 21
H106: out | J106: 31 | K106: 10 | M106: 1 | O106: =J106-K106-M106 -> 20
H107: nov | J107: 30 | K107: 8 | M107: 3 | O107: =J107-K107-M107 -> 19
H108: dez | J108: 31 | K108: 8 | M108: 0 | O108: =J108-K108-M108 -> 23
H110: Total | J110: =SUM(J97:J108) -> 365 | K110: =SUM(K97:K108) -> 104 | M110: =SUM(M97:M108) -> 10 | O110: =SUM(O97:O108) -> 251

Sheet VT VA
C4: Equipe 01 | K4: Cálculo Vale Transporte / Auxilio Alimentação
C6: Mês | D6: Dias | E6: Folgas | F6: Dias trabalhados | G6: Previsão Mensal | I6: Feriados Trabalhados
C7: jan | D7: 31 | E7: 6 | F7: =D7-E7 -> 25 | I7: 1
C8: fev | D8: 28 | E8: 6 | F8: =D8-E8 -> 22 | I8: 1
C9: mar | D9: 31 | E9: 8 | F9: =D9-E9 -> 23 | I9: 0 | K9: Vale Transporte
C10: abr | D10: 30 | E10: 6 | F10: =D10-E10 -> 24 | I10: 2
C11: mai | D11: 31 | E11: 6 | F11: =D11-E11 -> 25 | I11: 0 | K11: Posto | L11: Estimativa de Dias Efetivamente Trabalhados por MÊS | M11: Trecho Ida | N11: Trecho Volta | O11: Valor Diário* | P11: Valor Mensal
C12: jun | D12: 30 | E12: 7 | F12: =D12-E12 -> 23 | I12: 0 | K12: Serventes / Encarregados | L12: =Escala!AG88 -> 23.98 | M12: Cidade Satélite até Posto de Trabalho METRÔ-DF | N12: Posto de Trabalho METRÔ-DF para Cidade Satélite | O12: 11 | P12: =L12*O12 -> 263.78
C13: jul | D13: 31 | E13: 6 | F13: =D13-E13 -> 25 | I13: 0 | K13: Copeiras, Jardineiros e Recepcionistas | L13: =Escala!Q97 -> 20.92 | M13: Cidade Satélite até Posto de Trabalho METRÔ-DF | N13: Posto de Trabalho METRÔ-DF para Cidade Satélite | O13: 11 | P13: =L13*O13 -> 230.12
C14: ago | D14: 31 | E14: 6 | F14: =D14-E14 -> 25 | I14: 0
C15: set | D15: 30 | E15: 6 | F15: =D15-E15 -> 24 | I15: 0 | K15: * Conforme Decreto Distrital nº 40.381/2020
C18: out | D18: 31 | E18: 6 | F18: =D18-E18 -> 25 | I18: 1
C19: nov | D19: 30 | E19: 7 | F19: =D19-E19 -> 23 | I19: 1 | K19: Auxilio Alimentação
C20: dez | D20: 31 | E20: 6 | F20: =D20-E20 -> 25 | I20: 1
F21: =D21-E21 -> 0 | K21: Posto | L21: Estimativa de Dias Efetivamente Trabalhados por MÊS | M21: Valor Unitário* | N21: Valor Mensal
C22: Total | D22: =SUM(D7:D20) -> 365 | E22: =SUM(E7:E20) -> 76 | F22: =SUM(F7:F20) -> 289 | G22: =F22/12 -> 24.08 | I22: =SUM(I7:I21) -> 7 | K22: Serventes / Encarregados | L22: =Escala!AG88 -> 23.98 | M22: 35 | N22: =L22*M22 -> 839.3
K23: Copeiras, Jardineiros e Recepcionistas | L23: =Escala!Q97 -> 20.92 | M23: 35 | N23: =L23*M23 -> 732.2
K25: * Conforme Clásula Décima Quarta CCT 2021 (SEAC x SINDSERVIÇOS)
C26: Equipe 02
C28: MÊS | D28: DIAS | E28: FOLGAS | F28: Dias trabalhados | G28: PREVISÃO DE DIAS TRABALHADOS/MÊS | I28: Feriados Trabalhados
C29: jan | D29: 31 | E29: 9 | F29: =D29-E29 -> 22 | I29: 1
C30: fev | D30: 28 | E30: 8 | F30: =D30-E30 -> 20 | I30: 1
C31: mar | D31: 31 | E31: 9 | F31: =D31-E31 -> 22 | I31: 0
C32: abr | D32: 30 | E32: 8 | F32: =D32-E32 -> 22 | I32: 1
C33: mai | D33: 31 | E33: 10 | F33: =D33-E33 -> 21 | I33: 1
C34: jun | D34: 30 | E34: 8 | F34: =D34-E34 -> 22 | I34: 1
C35: jul | D35: 31 | E35: 9 | F35: =D35-E35 -> 22 | I35: 0
C36: ago | D36: 31 | E36: 8 | F36: =D36-E36 -> 23 | I36: 0
C37: set | D37: 30 | E37: 9 | F37: =D37-E37 -> 21 | I37: 1
C38: out | D38: 31 | E38: 8 | F38: =D38-E38 -> 23 | I38: 0
C39: nov | D39: 30 | E39: 9 | F39: =D39-E39 -> 21 | I39: 2
C40: dez | D40: 31 | E40: 9 | F40: =D40-E40 -> 22 | I40: 1
F41: =D41-E41 -> 0
C42: TOTAL | D42: =SUM(D29:D40) -> 365 | E42: =SUM(E29:E40) -> 104 | F42: =SUM(F29:F40) -> 261 | G42: =F42/12 -> 21.75 | I42: =SUM(I29:I41) -> 9
C46: Equipe 03
C48: MÊS | D48: DIAS | E48: FOLGAS | F48: Dias trabalhados | G48: PREVISÃO DE DIAS TRABALHADOS/MÊS | I48: Feriados Trabalhados
C49: jan | D49: 31 | E49: 8 | F49: =D49-E49 -> 23 | I49: 1
C50: fev | D50: 28 | E50: 9 | F50: =D50-E50 -> 19 | I50: 0 | L50: Feriados Trabalhados
C51: mar | D51: 31 | E51: 9 | F51: =D51-E51 -> 22 | I51: 0
C52: abr | D52: 30 | E52: 9 | F52: =D52-E52 -> 21 | I52: 1
C53: mai | D53: 31 | E53: 8 | F53: =D53-E53 -> 23 | I53: 1
C54: jun | D54: 30 | E54: 9 | F54: =D54-E54 -> 21 | I54: 1
C55: jul | D55: 31 | E55: 8 | F55: =D55-E55 -> 23 | I55: 0
C56: ago | D56: 31 | E56: 10 | F56: =D56-E56 -> 21 | I56: 0
C57: set | D57: 30 | E57: 8 | F57: =D57-E57 -> 22 | I57: 1
C58: out | D58: 31 | E58: 9 | F58: =D58-E58 -> 22 | I58: 1
C59: nov | D59: 30 | E59: 8 | F59: =D59-E59 -> 22 | I59: 3
C60: dez | D60: 31 | E60: 9 | F60: =D60-E60 -> 22 | I60: 0
F61: =D61-E61 -> 0
C62: TOTAL | D62: =SUM(D49:D60) -> 365 | E62: =SUM(E49:E60) -> 104 | F62: =SUM(F49:F60) -> 261 | G62: =F62/12 -> 21.75 | I62: =SUM(I49:I61) -> 9
C67: Equipe 04
C69: MÊS | D69: DIAS | E69: FOLGAS | F69: Dias trabalhados | G69: PREVISÃO DE DIAS TRABALHADOS/MÊS | I69: Feriados Trabalhados
C70: jan | D70: 31 | E70: 9 | F70: =D70-E70 -> 22 | I70: 1
C71: fev | D71: 28 | E71: 8 | F71: =D71-E71 -> 20 | I71: 1
C72: mar | D72: 31 | E72: 9 | F72: =D72-E72 -> 22 | I72: 0
C73: abr | D73: 30 | E73: 8 | F73: =D73-E73 -> 22 | I73: 2
C74: mai | D74: 31 | E74: 10 | F74: =D74-E74 -> 21 | I74: 1
C75: jun | D75: 30 | E75: 8 | F75: =D75-E75 -> 22 | I75: 1
C76: jul | D76: 31 | E76: 9 | F76: =D76-E76 -> 22 | I76: 0
C77: ago | D77: 31 | E77: 9 | F77: =D77-E77 -> 22 | I77: 0
C78: set | D78: 30 | E78: 8 | F78: =D78-E78 -> 22 | I78: 1
C79: out | D79: 31 | E79: 9 | F79: =D79-E79 -> 22 | I79: 1
C80: nov | D80: 30 | E80: 9 | F80: =D80-E80 -> 21 | I80: 2
C81: dez | D81: 31 | E81: 8 | F81: =D81-E81 -> 23 | I81: 1
C83: TOTAL | D83: =SUM(D70:D81) -> 365 | E83: =SUM(E70:E81) -> 104 | F83: =SUM(F70:F81) -> 261 | G83: =F83/12 -> 21.75 | I83: =SUM(I70:I82) -> 11
C88: Copeiras - Jardineiros - Recepcionistas
C90: MÊS | D90: DIAS | E90: Folgas Sáb/Dom | F90: Folgas Feriados | G90: Dias trabalhados | H90: PREVISÃO DE DIAS TRABALHADOS/MÊS
C91: jan | D91: 31 | E91: 10 | F91: 1 | G91: =D91-E91-F91 -> 20
C92: fev | D92: 28 | E92: 8 | F92: 1 | G92: =D92-E92-F92 -> 19
C93: mar | D93: 31 | E93: 8 | F93: 0 | G93: =D93-E93-F93 -> 23
C94: abr | D94: 30 | E94: 8 | F94: 2 | G94: =D94-E94-F94 -> 20
C95: mai | D95: 31 | E95: 10 | F95: 0 | G95: =D95-E95-F95 -> 21
C96: jun | D96: 30 | E96: 8 | F96: 1 | G96: =D96-E96-F96 -> 21
C97: jul | D97: 31 | E97: 9 | F97: 0 | G97: =D97-E97-F97 -> 22
C98: ago | D98: 31 | E98: 9 | F98: 0 | G98: =D98-E98-F98 -> 22
C99: set | D99: 30 | E99: 8 | F99: 1 | G99: =D99-E99-F99 -> 21
C100: out | D100: 31 | E100: 10 | F100: 1 | G100: =D100-E100-F100 -> 20
C101: nov | D101: 30 | E101: 8 | F101: 3 | G101: =D101-E101-F101 -> 19
C102: dez | D102: 31 | E102: 8 | F102: 0 | G102: =D102-E102-F102 -> 23
G103: =D103-E103-F103 -> 0
C104: TOTAL | D104: =SUM(D91:D102) -> 365 | E104: =SUM(E91:E102) -> 104 | F104: =SUM(F91:F102) -> 10 | G104: =SUM(G91:G102) -> 251 | H104: =G104/12 -> 20.92

Sheet Conta Vinculada 01
A6: VALORES MENSAIS A SEREM DESTINADOS À CONTA VINCULADA
A8: Subitem 01 - Mercado Geral
A10: Valor Mensal a ser destinado à Conta Vinculada | D10: Posto
D11: Servente Diurno 44h | E11: Servente Noturno 44h | F11: Servente Diurno Insalubridade | G11: Servente Diurno Periculosidade | H11: Encarregado Diurno 44h | I11: Encarregado Noturno 44h | J11: Recepcionista | K11: Copeira 44h | L11: Jardineiro 44h
A12: Total da Remuneração - Módulo 01 | D12: ='servente diurno 44h'!E11 -> 1287.96 | E12: ='servente noturno 44h'!E11 -> 1477.88 | F12: ='servente diurno 44h Insalubrida'!E11 -> 1803.14 | G12: ='servente diurno 44h Periculosid'!E11 -> 1674.35 | H12: ='Encarregado diurno 44h'!E11 -> 2575.91 | I12: ='Encarregado noturno 44h'!E11 -> 2954.31 | J12: ='Recepcionista 44h'!E11 -> 1901.53 | K12: ='Copeira 44h'!E11 -> 1287.96 | L12: ='Jardineiro 44h'!E11 -> 1901.53
A14: A | B14: 13 Salário | C14: ='servente diurno 44h'!D39 -> 0.0833 | D14: =D12*C$14 -> 107.29 | E14: =E12*$C14 -> 123.11 | F14: =F12*$C14 -> 150.2 | G14: =G12*$C14 -> 139.47 | H14: =H12*$C14 -> 214.57 | I14: =I12*$C14 -> 246.09 | J14: =J12*$C14 -> 158.4 | K14: =K12*$C14 -> 107.29 | L14: =L12*$C14 -> 158.4
A15: B | B15: Férias e Abono de Férias | C15: 0.1111 | D15: =D12*C15 -> 143.09 | E15: =E12*$C15 -> 164.19 | F15: =F12*$C15 -> 200.33 | G15: =G12*$C15 -> 186.02 | H15: =H12*$C15 -> 286.18 | I15: =I12*$C15 -> 328.22 | J15: =J12*$C15 -> 211.26 | K15: =K12*$C15 -> 143.09 | L15: =L12*$C15 -> 211.26
A16: C | B16: Adicional do FGTS - Rescisão sem justa causa | C16: 0.04 | D16: =D12*C16 -> 51.52 | E16: =E12*$C16 -> 59.12 | F16: =F12*$C16 -> 72.13 | G16: =G12*$C16 -> 66.97 | H16: =H12*$C16 -> 103.04 | I16: =I12*$C16 -> 118.17 | J16: =J12*$C16 -> 76.06 | K16: =K12*$C16 -> 51.52 | L16: =L12*$C16 -> 76.06
A17: D | B17: Encardos s/ Férias | C17: 0.0422 | D17: =D12*C17 -> 54.35 | E17: =E12*C$17 -> 62.37 | F17: =F12*$C17 -> 76.09 | G17: =G12*$C17 -> 70.66 | H17: =H12*$C17 -> 108.7 | I17: =I12*$C17 -> 124.67 | J17: =J12*$C17 -> 80.24 | K17: =K12*$C17 -> 54.35 | L17: =L12*$C17 -> 80.24
A18: E | B18: Encargos s/ 13º | C18: 0.0317 | D18: =D12*C18 -> 40.83 | E18: =E12*$C18 -> 46.85 | F18: =F12*$C18 -> 57.16 | G18: =G12*$C18 -> 53.08 | H18: =H12*$C18 -> 81.66 | I18: =I12*$C18 -> 93.65 | J18: =J12*$C18 -> 60.28 | K18: =K12*$C18 -> 40.83 | L18: =L12*$C18 -> 60.28
A19: TOTAL | C19: =SUM(C14:C18) -> 0.3083 | D19: =SUM(D14:D18) -> 397.08 | E19: =SUM(E14:E18) -> 455.64 | F19: =SUM(F14:F18) -> 555.91 | G19: =SUM(G14:G18) -> 516.2 | H19: =SUM(H14:H18) -> 794.15 | I19: =SUM(I14:I18) -> 910.8 | J19: =SUM(J14:J18) -> 586.24 | ... L19: =SUM(L14:L18) -> 586.24
A20: Total de Empregados | D20: ='Custo contratação LR'!E11 -> 0 | E20: ='Custo contratação LR'!E14 -> 0 | F20: ='Custo contratação LR'!E12 -> 6 | G20: ='Custo contratação LR'!E13 -> 1 | H20: ='Custo contratação LR'!E15 -> 7 | I20: ='Custo contratação LR'!E16 -> 7 | J20: ='Custo contratação LR'!E19 -> 2 | K20: ='Custo contratação LR'!E17 -> 5 | L20: ='Custo contratação LR'!E18 -> 5 | N20: =SUM(D20:L20) -> 33
A21: Valor Mensal por Posto | D21: =D20*D19 -> 0 | E21: =E20*E19 -> 0 | F21: =F20*F19 -> 3335.46 | G21: =G20*G19 -> 516.2 | H21: =H20*H19 -> 5559.05 | I21: =I20*I19 -> 6375.6 | J21: =J20*J19 -> 1172.48 | K21: =K20*K19 -> 1985.4 | L21: =L20*L19 -> 2931.2
A22: Total Mensal | J22: =SUM(D21:L21) -> 21875.39
D24: * Percentuais estabelecidos no Decreto nº 36.164/2014

Sheet Uniformes
B3: Uniformes
B5: Subitem 1 (Mercado Geral)
B8: Servente
B10: item | C10: Descrição | D10: Valor Unitário | E10: Periodicidade de Troca | F10: Quantidade | G10: Valor Total
B11: 1 | C11: Camiseta: de mangas em malha fina, 100% algodão, cor azul | E11: Semestral | F11: 2 | G11: =D11*F11 -> 0
B12: 2 | C12: Calça: com elástico no cós, 2 (dois) bolsos na frente e 1 (um) atrás em brim 100% algodão, cor azul | E12: Semestral | F12: 2 | G12: =D12*F12 -> 0
B13: 3 | C13: Sapato/Botina: hidro repelente, com palmilha anti umidade, na cor preta, solado antiderrapante. | E13: Anual | F13: 2 | G13: =D13*F13 -> 0
B14: 4 | C14: Bota: botas de borracha antiderrapantes com cano médio, na cor preta. | E14: Anual | F14: 1 | G14: =D14*F14 -> 0 | I14: *marca de referência
B15: 5 | C15: Meia: confeccionada em no mínimo 80 % algodão, na cor preta | E15: Semestral | F15: 2 | G15: =D15*F15 -> 0
B16: 6 | C16: Jaqueta: confeccionada em tactel ou microfibra, forrada com lã sintética (manta acrílica), cor a definir | E16: Anual | F16: 1 | G16: =D16*F16 -> 0
B17: 7 | C17: Crachá transparente, confeccionado em cartão de PVC | E17: Anual | F17: 1 | G17: =D17*F17 -> 0
F18: Total | G18: =SUM(G11:G17) -> 0
F19: Valor Mensal por Empregado | G19: =SUM(G11:G12)/6+SUM(G16:G17)/12+SUM(G13:G14)/12+G15/6 -> 0
B24: Encarregado
B26: item | C26: Descrição | D26: Valor Unitário | E26: Periodicidade de Troca | F26: Quantidade | G26: Valor Total
B27: 1 | C27: Camisa social em tricoline mista, com 65% algodão e 35% poliéster, gola dupla reforçada, manga comprida, estampa lisa, na cor a definir com logotipo da empresa | E27: Semestral | F27: 2 | G27: =D27*F27 -> 0
B28: 2 | C28: Calça: em microfibra na cor a definir, corte clássico, zíper de metal inoxidável | E28: Semestral | F28: 2 | G28: =D28*F28 -> 0
B29: 3 | C29: Meia: meia social, na cor preta | E29: Semestral | F29: 2 | G29: =D29*F29 -> 0
B30: 4 | C30: Cinto: em couro legítimo 100%, na cor preta | E30: Anual | F30: 1 | G30: =D30*F30 -> 0
B31: 5 | C31: Sapatos: social, em couro macio legítimo 100%, na cor preta, confortável com cadarço e solado emborrachado compatível com a natureza do serviço | E31: Anual | F31: 1 | G31: =D31*F31 -> 0
B32: 6 | C32: Jaqueta: confeccionada em tactel ou microfibra, forrada com lã sintética (manta acrílica), cor a definir | E32: Anual | F32: 1 | G32: =D32*F32 -> 0
B33: 7 | C33: Crachá transparente, confeccionado em cartão de PVC | E33: Anual | F33: 1 | G33: =D33*F33 -> 0
F34: Total | G34: =SUM(G27:G33) -> 0
F35: Valor Mensal por Empregado | G35: =SUM(G27:G29)/6+SUM(G30:G33)/12 -> 0
B39: Copeira
B41: item | C41: Descrição | D41: Valor Unitário | E41: Periodicidade de Troca | F41: Quantidade | G41: Valor Total
B42: 1 | C42: Blusa na cor azul claro ou branca em tecido tricoline, 68% de algodão, 27% poliéster, 5% elastano, botões duplos em gradação | E42: Semestral | F42: 2 | G42: =D42*F42 -> 0
B43: 2 | C43: Calça: comprida em tecido Oxfordine, 20% viscose 80% poliéster, em cós alto, na cor azul marinho | E43: Semestral | F43: 2 | G43: =D43*F43 -> 0
B44: 3 | C44: Touca protetora, tipo rede, em filó, para proteção do cabelo | E44: Semestral | F44: 2 | G44: =D44*F44 -> 0
B45: 4 | C45: Meia: em algodão com cano longo, cor preta | E45: Semestral | F45: 2 | G45: =D45*F45 -> 0
B46: 5 | C46: Avental em napa ou material impermeável, longo a altura dos joelhos | E46: Anual | F46: 1 | G46: =D46*F46 -> 0
B47: 6 | C47: Sapato feminino fechado preto; tipo sapatilha, mocassim ou scarpin; leve; cabedal em material impermeável e sem cadarço; solado antiderrapante; salto baixo (1 a 3cm) quadrado ou anabela | E47: Anual | F47: 1 | G47: =D47*F47 -> 0
B48: 7 | C48: Crachá transparente, confeccionado em cartão de PVC | E48: Anual | F48: 1 | G48: =D48*F48 -> 0
F49: Total | G49: =SUM(G41:G48) -> 0
F50: Valor Mensal por Empregado | G50: =SUM(G41:G45)/6+SUM(G46:G48)/12 -> 0
B55: Jardineiro
B57: item | C57: Descrição | D57: Valor Unitário | E57: Periodicidade de Troca | F57: Quantidade | G57: Valor Total
B58: 1 | C58: Camiseta: de mangas longas em malha fina, 100% algodão, cor azul, com logotipo de identificação da empresa | E58: Semestral | F58: 2 | G58: =D58*F58 -> 0
B59: 2 | C59: Calça: com elástico no cós, 2 (dois) bolsos na frente e 1 (um) atrás em brim 100% algodão, cor azul | E59: Semestral | F59: 2 | G59: =D59*F59 -> 0
B60: 3 | C60: Meia: confeccionada em no mínimo 80 % algodão, na cor preta | E60: Semestral | F60: 2 | G60: =D60*F60 -> 0
B61: 4 | C61: Botina: hidro repelente, com palmilha anti umidade, na cor preta, solado antiderrapante. | E61: Anual | F61: 2 | G61: =D61*F61 -> 0
B62: 5 | C62: Bota: botas de borracha antiderrapantes com cano médio, na cor preta. | E62: Anual | F62: 1 | G62: =D62*F62 -> 0
B63: 6 | C63: Jaqueta: confeccionada em tactel ou microfibra, forrada com lã sintética (manta acrílica), cor a definir | E63: Anual | F63: 1 | G63: =D63*F63 -> 0
B64: 7 | C64: Crachá transparente, confeccionado em cartão de PVC | E64: Anual | F64: 1 | G64: =D64*F64 -> 0
F65: Total | G65: =SUM(G58:G64) -> 0
F66: Valor Mensal por Empregado | G66: =SUM(G58:G60)/6+SUM(G61:G64)/12 -> 0
B70: Recepcionista
B72: item | C72: Descrição | D72: Valor Unitário | E72: Periodicidade de Troca | F72: Quantidade | G72: Valor Total
B73: 1 | C73: Camisa social, 33% algodão 67% poliéster, fechamento frontal com 6 botões, caseados, logomarca da empresa, cor a definir | E73: Semestral | F73: 2 | G73: =D73*F73 -> 0
B74: 2 | C74: Lenço de pescoço em tecido, cor a definir | E74: Semestral | F74: 2 | G74: =D74*F74 -> 0
B75: 3 | C75: Calça ou saia social - Tecido Oxford ou similar, modelo tradicional, cor a definir | E75: Semestral | F75: 2 | G75: =D75*F75 -> 0
B76: 4 | C76: Blazer alfaiataria, abotoamento frontal, cor a definir | E76: Semestral | F76: 2 | G76: =D76*F76 -> 0
B77: 5 | C77: Meia: meia social, na cor preta | E77: Semestral | F77: 2 | G77: =D77*F77 -> 0
B78: 6 | C78: Cinto: em couro legítimo 100%, na cor preta | E78: Anual | F78: 1 | G78: =D78*F78 -> 0
B79: 7 | C79: Sapato feminino fechado preto; tipo sapatilha, mocassim ou scarpin; leve; cabedal em material impermeável e sem cadarço; solado antiderrapante; salto baixo (1 a 3cm) quadrado ou anabela | E79: Anual | F79: 2 | G79: =D79*F79 -> 0
B80: 8 | C80: Crachá transparente, confeccionado em cartão de PVC | E80: Anual | F80: 1 | G80: =D80*F80 -> 0
F81: Total | G81: =SUM(G73:G80) -> 0
F82: Valor Mensal por Empregado | G82: =SUM(G73:G77)/6+SUM(G78:G80)/12 -> 0

Sheet EPI
B4: Equipamentos de Proteção Individual - EPI
B6: Serventes e Encarregados
B8: Item | C8: Especificação | D8: Marca de Referência | E8: Quant. | F8: Valor Unitário | G8: Reposição - Meses | H8: Valor Mensal Unitário | I8: Total
B9: 1 | C9: BOTA DE SEGURANÇA (TIPO ELETRICISTA), CONFECCIONADA EM VAQUETA LISA CURTIDA AO CROMO OU EM TECIDO MICROFIBRA DE MICRO FILAMENTOS EM POLIAMIDA, POLIÉSTER E VISCOSE. | D9: MARLUVAS | E9: 1 | G9: 6 | H9: =F9/G9 -> 0 | I9: =H9*E9 -> 0
B10: 2 | C10: CALÇA DE SEGURANÇA PARA ARCO ELÉTRICO RISCO II, EM TECIDO 100% ALGODÃO COM TRATAMENTO RETARDANTE À CHAMA | D10: MULTIMARCAS | E10: 1 | G10: 6 | H10: =F10/G10 -> 0 | I10: =H10*E10 -> 0
B11: 3 | C11: CAMISA DE SEGURANÇA PARA ARCO ELÉTRICO RISCO II, EM TECIDO 100% ALGODÃO COM TRATAMENTO RETARDANTE À CHAMA | D11: MULTIMARCAS | E11: 1 | G11: 6 | H11: =F11/G11 -> 0 | I11: =H11*E11 -> 0
B12: 4 | C12: CAPA DE CHUVA CONFECCIONADA EM TECIDO SINTÉTICO REVESTIDO DE PVC | D12: BRASCAMP | E12: 3 | G12: 6 | H12: =F12/G12 -> 0 | I12: =H12*E12 -> 0
B13: 5 | C13: LUVA ISOLANTE DE BORRACHA PARA ELETRICISTA, CLASSE 0, TENSÃO MÁXIMA 1000V | D13: ORION | E13: 1 | G13: 6 | H13: =F13/G13 -> 0 | I13: =H13*E13 -> 0
B14: 6 | C14: MÁSCARA DESCARTÁVEL RESPIRATÓRIA FILTRANTE CLASSE PFF2 (UNIDADE) | D14: 3M | E14: =I21 -> 21 | G14: 1 | H14: =F14/G14 -> 0 | I14: =H14*E14 -> 0
B15: 7 | C15: OCULOS DE PROTEÇÃO, COM AMPLA VISÃO, CONFECCIONADO EM POLIPROPILENO | D15: 3M | E15: =I21 -> 21 | G15: 6 | H15: =F15/G15 -> 0 | I15: =H15*E15 -> 0
B16: 8 | C16: PROTETOR AURICULAR TIPO PLUG | D16: 3M | E16: =I21 -> 21 | G16: 6 | H16: =F16/G16 -> 0 | I16: =H16*E16 -> 0
H17: Total Mensal | I17: =SUM(I9:I16) -> 0
G21: Total de empregados | I21: ='Custo contratação LR'!E11+'Custo contratação LR'!E12+'Custo contratação LR'!E13+'Custo contratação LR'!E14+'Custo contratação LR'!E15+'Custo contratação LR'!E16 -> 21
G22: Valor Mensal por Empregado | I22: =I17/I21 -> 0
B27: Jardineiros
B29: Item | C29: Especificação | D29: Marca de Referência | E29: Quant. | F29: Valor Unitário | G29: Reposição - Meses | H29: Valor Mensal Unitário | I29: Total
B30: 1 | C30: AVENTAL DE RASPA PARA PROTEÇÃO DO ROÇADOR, CONFECCIONADO EM RASPA DE COURO CURTIDO AO CROMO | D30: SUPREMA | E30: 5 | G30: 6 | H30: =F30/G30 -> 0 | I30: =H30*E30 -> 0
B31: 2 | C31: BONÉ TIPO TOUCA ÁRABE PARA PROTEÇÃO DA CABEÇA E DO DORSO CONTRA AGENTES TÉRMICOS | D31: TECMATER | E31: 5 | G31: 6 | H31: =F31/G31 -> 0 | I31: =H31*E31 -> 0
B32: 3 | C32: BONÉ TIPO ROÇADOR, CONFECCIONADO EM TECIDO BRIM, COM TELA CONFECCIONADA EM NYLON | D32: TECMATER | E32: 5 | G32: 6 | H32: =F32/G32 -> 0 | I32: =H32*E32 -> 0
B33: 4 | C33: BOTA DE SEGURANÇA PARA ROÇADOR (TIPO ELETRICISTA), CONFECCIONADA EM VAQUETA LISA CURTIDA AO CROMO OU EM TECIDO MICROFIBRA DE MICRO FILAMENTOS EM POLIAMIDA, POLIÉSTER E VISCOSE. | D33: MARLUVAS | E33: 5 | G33: 6 | H33: =F33/G33 -> 0 | I33: =H33*E33 -> 0
B34: 5 | C34: CANELEIRAS DE RASPA PARA ROÇADOR, CONFECCIONADA EM RASPA DE COURO CURTIDO AO CROMO | D34: SAYRO | E34: 5 | G34: 6 | H34: =F34/G34 -> 0 | I34: =H34*E34 -> 0
B35: 6 | C35: CAPA DE CHUVA CONFECCIONADA EM TECIDO SINTÉTICO REVESTIDO DE PVC | D35: BRASCAMP | E35: 5 | G35: 6 | H35: =F35/G35 -> 0 | I35: =H35*E35 -> 0
B36: 7 | C36: CINTO DE TRÊS PONTAS PARA OPERADOR DE ROÇADEIRA | D36: STIHL | E36: 5 | G36: 6 | H36: =F36/G36 -> 0 | I36: 0
B37: 8 | C37: COLETE REFLETIVO, CONFECCIONADO COM PELÍCULA DE PVC DE 60MM DE LARGURA, NA COR LARANJA CÍTRICA REFLETIVA | D37: PLASTICOR | E37: 5 | G37: 6 | H37: =F37/G37 -> 0 | I37: =H37*E37 -> 0
B38: 9 | C38: LUVA DE RASPA COBERTURA EM VAQUETA INTEGRAL DE COURO CURTIDO AO CROMO | D38: SUPREMA | E38: 5 | G38: 6 | H38: =F38/G38 -> 0 | I38: =H38*E38 -> 0
B39: 10 | C39: MANGOTE DE RASPA PARA ROÇADOR (PAR), CONFECCIONADO EM RASPA DE COURO CURTIDO AO CROMO | D39: SUPREMA | E39: 5 | G39: 6 | H39: =F39/G39 -> 0 | I39: =H39*E39 -> 0
B40: 11 | C40: OCULOS DE PROTEÇÃO, COM AMPLA VISÃO, CONFECCIONADO EM POLIPROPILENO | D40: 3M | E40: 5 | G40: 6 | H40: =F40/G40 -> 0 | I40: =H40*E40 -> 0
B41: 12 | C41: PROTETOR AURICULAR TIPO PLUG | D41: 3M | E41: 5 | G41: 6 | H41: =F41/G41 -> 0 | I41: =H41*E41 -> 0
B42: 13 | C42: PROTETOR AURICULAR TIPO CONCHA | D42: 3M | E42: 5 | G42: 12 | H42: =F42/G42 -> 0 | I42: =H42*E42 -> 0
B43: 14 | C43: PROTETOR FACIAL COM VISEIRA ARTICULADA CONFECCIONADA EM TELA DE POLÍMERO | D43: NAGANO | E43: 5 | G43: 6 | H43: =F43/G43 -> 0 | I43: =H43*E43 -> 0
H44: Total Mensal | I44: =SUM(I36:I43) -> 0
G48: Total de empregados | I48: 5
G49: Valor Mensal por empregado | I49: =I44/I48 -> 0

Sheet Materiais Geral
B3: Materiais - Geral
B5: Item | C5: Especificação | D5: Marca de Referência | E5: CTL | F5: GAL | G5: 102 | H5: 106 | I5: 108 | J5: 110 | K5: 112 | L5: 114 | M5: ASA | N5: SHP | O5: FEI | P5: GUA | Q5: ARN | R5: CLA | S5: CON | T5: EPQ | U5: REL | V5: MET | W5: CES | X5: GBA | Y5: CEC | Z5: CEN | AA5: CEI | AB5: TAS | AC5: FUR | AD5: SAS | AE5: SAM | AF5: PAS | AG5: NO | AH5: SR | AI5: LEV | AJ5: CAO | AK5: Total Mensal | AL5: Total Anual | AM5: Valor Unitário | AN5: Valor Total (12 meses)
B6: 1 | C6: Água sanitária - hipoclorito | D6: Start | AK6: =SUM(E6:AJ6) -> 0 | AL6: =AK6*12 -> 0 | AN6: =AL6*AM6 -> 0
B7: 2 | C7: Álcool em gel (frasco de 500 ml) | D7: Asseptgel | AK7: =SUM(E7:AJ7) -> 0 | AL7: =AK7*12 -> 0 | AN7: =AL7*AM7 -> 0
B8: 3 | C8: Balde Plástico (100 litros - Unidade) | D8: Plasvale | AK8: =SUM(E8:AJ8) -> 0 | AL8: =AK8*12 -> 0 | AN8: =AL8*AM8 -> 0
B9: 4 | C9: Balde Plástico (15 litros - Unidade) | D9: Plasvale | AK9: =SUM(E9:AJ9) -> 0 | AL9: =AK9*12 -> 0 | AN9: =AL9*AM9 -> 0
B10: 5 | C10: Cabo extensor para rodo/Vassoura - Und | D10: Bettanin | AK10: =SUM(E10:AJ10) -> 0 | AL10: =AK10*12 -> 0 | AN10: =AL10*AM10 -> 0
B11: 6 | C11: Cera Auto Brilho - 5 litros | D11: Start | AK11: =SUM(E11:AJ11) -> 0 | AL11: =AK11*12 -> 0 | AN11: =AL11*AM11 -> 0
B12: 7 | C12: Desinfetante com ação germicida e bactericida concentrado - 5 litros | D12: Start | AK12: =SUM(E12:AJ12) -> 0 | AL12: =AK12*12 -> 0 | AN12: =AL12*AM12 -> 0
B13: 8 | C13: Detergente especifico para lavadora de piso - 5 litros | D13: Karcher | AK13: =SUM(E13:AJ13) -> 0 | AL13: =AK13*12 -> 0 | AN13: =AL13*AM13 -> 0
B14: 9 | C14: Detergente lava louças 500ml | D14: Minuano | AK14: =SUM(E14:AJ14) -> 0 | AL14: =AK14*12 -> 0 | AN14: =AL14*AM14 -> 0
B15: 10 | C15: Detergente líquido ácido (wagon shine) - 5 litros | D15: Quimiart | AK15: =SUM(E15:AJ15) -> 0 | AL15: =AK15*12 -> 0 | AN15: =AL15*AM15 -> 0
B16: 11 | C16: Detergente líquido neutro - 5 litros | D16: Start | AK16: =SUM(E16:AJ16) -> 0 | AL16: =AK16*12 -> 0 | AN16: =AL16*AM16 -> 0
B17: 12 | C17: Detergente multiuso - frasco 500 ml | D17: Veja | AK17: =SUM(E17:AJ17) -> 0 | AL17: =AK17*12 -> 0 | AN17: =AL17*AM17 -> 0
... B49: 44 | C49: Odorizante de ambiente aerosol | D49: Glade | AK49: =SUM(E49:AJ49) -> 0 | AL49: =AK49*12 -> 0 | AN49: =AL49*AM49 -> 0
B50: 45 | C50: Pá coletora de lixo | AK50: =SUM(E50:AJ50) -> 0 | AL50: =AK50*12 -> 0 | AN50: =AL50*AM50 -> 0
B51: 46 | C51: Pá de lixo plástica - Und | D51: Bettanin | AK51: =SUM(E51:AJ51) -> 0 | AL51: =AK51*12 -> 0 | AN51: =AL51*AM51 -> 0
B52: 47 | C52: Pano alvejado - Und | D52: Copalimpa | AK52: =SUM(E52:AJ52) -> 0 | AL52: =AK52*12 -> 0 | AN52: =AL52*AM52 -> 0
B53: 48 | C53: Papel higiênico de 1ª qualidade folha dupla extrapicotado, rolo de 30m - Und | D53: Neve | AK53: =SUM(E53:AJ53) -> 0 | AL53: =AK53*12 -> 0 | AN53: =AL53*AM53 -> 0
B54: 49 | C54: Papel toalha branco extra, de 1ª qualidade, duas dobras, pacote com 1.000 folhas | D54: Flamingo | AK54: =SUM(E54:AJ54) -> 0 | AL54: =AK54*12 -> 0 | AN54: =AL54*AM54 -> 0
B55: 50 | C55: Pasta limpeza geral (limpitec) 500g | D55: Limpitec | AK55: =SUM(E55:AJ55) -> 0 | AL55: =AK55*12 -> 0 | AN55: =AL55*AM55 -> 0
B56: 51 | C56: Pasta saponácea (pasta rosa) - 500g | D56: Cristal | AK56: =SUM(E56:AJ56) -> 0 | AL56: =AK56*12 -> 0 | AN56: =AL56*AM56 -> 0
B57: 52 | C57: Pincel 100mm (4 pol) | D57: Tigre | AK57: =SUM(E57:AJ57) -> 0 | AL57: =AK57*12 -> 0 | AN57: =AL57*AM57 -> 0
B58: 53 | C58: Pincel 3/4 para limpeza de teclado | D58: Tigre | AK58: =SUM(E58:AJ58) -> 0 | AL58: =AK58*12 -> 0 | AN58: =AL58*AM58 -> 0
B59: 54 | C59: Protetor solar fator 60 - 1 litro | D59: Nutriex | AK59: =SUM(E59:AJ59) -> 0 | AL59: =AK59*12 -> 0 | AN59: =AL59*AM59 -> 0
B60: 55 | C60: Raspador multiuso 10cm cabo de alumínio | AK60: =SUM(E60:AJ60) -> 0 | AL60: =AK60*12 -> 0 | AN60: =AL60*AM60 -> 0
B61: 56 | C61: Refil para mop pó - Und | D61: Bettanin | AK61: =SUM(E61:AJ61) -> 0 | AL61: =AK61*12 -> 0 | AN61: =AL61*AM61 -> 0
B62: 57 | C62: Refil para mop úmido - Und | D62: Bettanin | AK62: =SUM(E62:AJ62) -> 0 | AL62: =AK62*12 -> 0 | AN62: =AL62*AM62 -> 0
B63: 58 | C63: Removedor de cera - 5 litros | D63: Remoclean | AK63: =SUM(E63:AJ63) -> 0 | AL63: =AK63*12 -> 0 | AN63: =AL63*AM63 -> 0
B64: 59 | C64: Removedor Thinner | D64: Thinner | AK64: =SUM(E64:AJ64) -> 0 | AL64: =AK64*12 -> 0 | AN64: =AL64*AM64 -> 0
B65: 60 | C65: Rodo 40 cm - Und | D65: Rodobem | AK65: =SUM(E65:AJ65) -> 0 | AL65: =AK65*12 -> 0 | AN65: =AL65*AM65 -> 0
B66: 61 | C66: Rodo 60 cm - Und | D66: Rodobem | AK66: =SUM(E66:AJ66) -> 0 | AL66: =AK66*12 -> 0 | AN66: =AL66*AM66 -> 0
B67: 62 | C67: Rodo 80 cm - Und | D67: Rodobem | AK67: =SUM(E67:AJ67) -> 0 | AL67: =AK67*12 -> 0 | AN67: =AL67*AM67 -> 0
B68: 63 | C68: Rodo com esponja - limpa vidro | D68: Bralimpia | AK68: =SUM(E68:AJ68) -> 0 | AL68: =AK68*12 -> 0 | AN68: =AL68*AM68 -> 0
B69: 64 | C69: Rodo com luva - limpa vidro | D69: Bralimpia | AK69: =SUM(E69:AJ69) -> 0 | AL69: =AK69*12 -> 0 | AN69: =AL69*AM69 -> 0
B70: 65 | C70: Sabão de coco - Und | D70: Ypê | AK70: =SUM(E70:AJ70) -> 0 | AL70: =AK70*12 -> 0 | AN70: =AL70*AM70 -> 0
B71: 66 | C71: Sabão em barra - Und | D71: Arpe | AK71: =SUM(E71:AJ71) -> 0 | AL71: =AK71*12 -> 0 | AN71: =AL71*AM71 -> 0
B72: 67 | C72: Sabonete líquido cremoso com fragrância, PH neutro - Galão 5L | D72: Premisse | AK72: =SUM(E72:AJ72) -> 0 | AL72: =AK72*12 -> 0 | AN72: =AL72*AM72 -> 0
... B91: 86 | C91: Macacão Tyvek | D91: Plastcor | AK91: =SUM(E91:AJ91) -> 0 | AL91: =AK91*12 -> 0 | AN91: =AL91*AM91 -> 0
B92: 87 | C92: Saco descartável para aspirador de pó - kit com 3 sacos | AK92: =SUM(E92:AJ92) -> 0 | AL92: =AK92*12 -> 0 | AN92: =AL92*AM92 -> 0
B93: 88 | C93: Kit Panos Algodão para Limpadora de Alta Pressão (kit com 5 peças) | AK93: =SUM(E93:AJ93) -> 0 | AL93: =AK93*12 -> 0 | AN93: =AL93*AM93 -> 0
B94: 89 | C94: Lixeira plástica 15 litros - simples | AK94: =SUM(E94:AJ94) -> 0 | AL94: =AK94*12 -> 0 | AN94: =AL94*AM94 -> 0
B95: 90 | C95: Lixeira plástica 30 litros com pedal | AK95: =SUM(E95:AJ95) -> 0 | AL95: =AK95*12 -> 0 | AN95: =AL95*AM95 -> 0
B96: 91 | C96: Lixeira plástica 50 litros - basculante | AK96: =SUM(E96:AJ96) -> 0 | AL96: =AK96*12 -> 0 | AN96: =AL96*AM96 -> 0
B97: 92 | C97: Lixeira plástica 100 litros - basculante | AK97: =SUM(E97:AJ97) -> 0 | AL97: =AK97*12 -> 0 | AN97: =AL97*AM97 -> 0
B98: 93 | C98: Rolo papel higiênico 300 metros | AK98: =SUM(E98:AJ98) -> 0 | AL98: =AK98*12 -> 0 | AN98: =AL98*AM98 -> 0
B99: 94 | C99: Dispenser para papel higiênico 300 metros | AK99: =SUM(E99:AJ99) -> 0 | AL99: =AK99*12 -> 0 | AN99: =AL99*AM99 -> 0
B100: 95 | C100: Luvas cirúrgicas - caixa com 100 unidades | AK100: =SUM(E100:AJ100) -> 0 | AL100: =AK100*12 -> 0 | AN100: =AL100*AM100 -> 0
B101: 96 | C101: Borrifador simples - 500 ml | AK101: =SUM(E101:AJ101) -> 0 | AL101: =AK101*12 -> 0 | AN101: =AL101*AM101 -> 0
B102: 97 | C102: Peróxido de hidrogênio - Galão 5 litros | AK102: =SUM(E102:AJ102) -> 0 | AL102: =AK102*12 -> 0 | AN102: =AL102*AM102 -> 0
B103: 98 | C103: Tela aromatizante para mictório | AK103: =SUM(E103:AJ103) -> 0 | AL103: =AK103*12 -> 0 | AN103: =AL103*AM103 -> 0
... B110: 105 | C110: Plug fêmea para tomada 3 pinos | AK110: =SUM(E110:AJ110) -> 0 | AL110: =AK110*12 -> 0 | AN110: =AL110*AM110 -> 0
AM111: Total Anual | AN111: =SUM(AN6:AN110) -> 0
AM113: Total Mensal | AN113: =AN111/12 -> 0
AL116: Total de empregados | AN116: ='Custo contratação LR'!E11+'Custo contratação LR'!E12+'Custo contratação LR'!E13+'Custo contratação LR'!E14+'Custo contratação LR'!E15+'Custo contratação LR'!E16 -> 21
AL117: Valor Mensal por empregado | AN117: =AN113/AN116 -> 0
AL121: PAS: Pátio Asa Sul
AL122: NO: Estações Não Operacionais
AL123: LEV: Limpeza de trens entre viagens
AL124: CAO: Complexo Administrativo e Operacional
AL125: SR: Subestações Retificadores

Sheet Materiais Jardim
B3: Materiais - Jardins
B5: Item | C5: Especificação | D5: Marca de Referência | E5: Qtd. 12 Meses | F5: Valor Unitário | G5: Valor Total (12 meses)
B6: 1 | C6: Carretel para roçadeira - Und | D6: Sthil | E6: 4 | G6: =F6*E6 -> 0
B7: 2 | C7: Cavadeira articulada com cabo de madeira | D7: Tramontina | E7: 2 | G7: =F7*E7 -> 0
B8: 3 | C8: Copo giratório para roçadeira - Und | D8: Sthil | E8: 6 | G8: =F8*E8 -> 0
B9: 4 | C9: Enxada | D9: Tramontina | E9: 3 | G9: =F9*E9 -> 0
B10: 5 | C10: Enxadão | D10: Tramontina | E10: 3 | G10: =F10*E10 -> 0
B11: 6 | C11: Facão | D11: Tramontina | E11: 5 | G11: =F11*E11 -> 0
B12: 7 | C12: Fio de nylon para roçadeira - Rolo com 100m | D12: Vonder | E12: 4 | G12: =F12*E12 -> 0
B13: 8 | C13: Gadanho | D13: Tramontina | E13: 5 | G13: =F13*E13 -> 0
B14: 9 | C14: Gasolina - litro | D14: - | E14: 1200 | G14: =F14*E14 -> 0
B15: 10 | C15: Lâmina para roçadeira - Und | D15: Stihl | E15: 10 | G15: =F15*E15 -> 0
B16: 11 | C16: Óleo dois tempos para roçadeira - 500 ml | D16: Stihl | E16: 12 | G16: =F16*E16 -> 0
B17: 12 | C17: Pá | D17: Tramontina | E17: 3 | G17: =F17*E17 -> 0
... B24: 19 | C24: Vassoura piaçava 20cm - Und | D24: Rodobem | E24: 5 | G24: =F24*E24 -> 0
B25: 20 | C25: Adubo para plantas NPK - Saco 50 kg | E25: 5 | G25: =F25*E25 -> 0
B26: 21 | C26: Rastelo de ferro para jardim | E26: 5 | G26: =F26*E26 -> 0
B27: 22 | C27: Luva de raspa - par | E27: 10 | G27: =F27*E27 -> 0
B28: 23 | C28: Regador de plástico 10 litros | E28: 5 | G28: =F28*E28 -> 0
B29: 24 | C29: Saco para mudas 15x20 - 500 unidades | E29: 2 | G29: =F29*E29 -> 0
B30: 25 | C30: Saco para mudas 25/30 - 250 unidades | E30: 2 | G30: =F30*E30 -> 0
B31: 26 | C31: Veneno granulado para formigas - 500g | E31: 5 | G31: =F31*E31 -> 0
B32: 27 | C32: Mangueira para irrigação de jardim - rolo 100m | E32: 4 | G32: =F32*E32 -> 0
F33: Total Anual | G33: =SUM(G6:G32) -> 0
F35: Total Mensal | G35: =G33/12 -> 0
E38: Total de empregados | G38: 5
E39: Valor Mensal por empregado | G39: =G35/G38 -> 0

Sheet Equip. Geral
B3: Equipamentos - Geral
B5: Item | C5: Especificação | D5: CTL | E5: GAL | F5: 102 | G5: 108 | H5: 106 | I5: 110 | J5: 112 | K5: 114 | L5: ASA | M5: SHP | N5: FEI | O5: GUA | P5: ARN | Q5: CLA | R5: EPQ | S5: CON | T5: REL | U5: MET | V5: CES | W5: GBA | X5: CEC | Y5: CEN | Z5: CEI | AA5: TAS | AB5: FUR | AC5: SAS | AD5: SAM | AE5: PAS | AF5: NO | AG5: SR | AH5: LEV | AI5: CAO | AJ5: Marca de Referência | AK5: TOTAL | AL5: Valor Unitário | AM5: Depreciação | AN5: Valor Unitário Depreciação | AO5: Valor Total Mensal
B6: 1 | C6: ARMÁRIO ROUPEIRO (08 portas) | D6: 7 | E6: 2 | F6: 2 | G6: 2 | H6: 2 | I6: 2 | J6: 2 | K6: 2 | L6: 2 | M6: 3 | N6: 2 | O6: 2 | P6: 2 | Q6: 3 | R6: 2 | S6: 2 | T6: 3 | U6: 2 | V6: 2 | W6: 2 | X6: 3 | Y6: 2 | Z6: 3 | AA6: 2 | AB6: 2 | AC6: 2 | AD6: 3 | AE6: 1 | AF6: 1 | AG6: 0 | AH6: 0 | AI6: 4 | AJ6: AGS | AK6: =SUM(D6:AI6) -> 71 | AM6: 60 | AN6: =AL6/AM6 -> 0 | AO6: =AN6*AK6 -> 0
B7: 2 | C7: ARMÁRIO DE AÇO COM DUAS PORTAS E TRÊS PRATELEIRAS | D7: 1 | E7: 1 | F7: 1 | G7: 1 | H7: 1 | I7: 1 | J7: 1 | K7: 1 | L7: 1 | M7: 1 | N7: 1 | O7: 1 | P7: 1 | Q7: 1 | R7: 1 | S7: 1 | T7: 1 | U7: 1 | V7: 1 | W7: 1 | X7: 1 | Y7: 1 | Z7: 1 | AA7: 1 | AB7: 1 | AC7: 1 | AD7: 1 | AE7: 1 | AF7: 1 | AG7: 0 | AH7: 0 | AI7: 0 | AJ7: AGS | AK7: =SUM(D7:AI7) -> 29 | AM7: 60 | AN7: =AL7/AM7 -> 0 | AO7: =AN7*AK7 -> 0
B8: 3 | C8: ASPIRADOR DE PÓ/ÁGUA PROFISSIONAL SILENCIOSO, COM NÍVEL DE RUÍDO DE 55DB, DE 15 LITROS, POTÊNCIA DE 1.300W, TENSÃO 220V | D8: 1 | E8: 1 | F8: 1 | G8: 1 | H8: 1 | I8: 1 | J8: 1 | K8: 1 | L8: 1 | M8: 1 | N8: 1 | O8: 1 | P8: 1 | Q8: 1 | R8: 1 | S8: 1 | T8: 1 | U8: 1 | V8: 1 | W8: 1 | X8: 1 | Y8: 1 | Z8: 1 | AA8: 1 | AB8: 1 | AC8: 1 | AD8: 1 | AE8: 1 | AF8: 0 | AG8: 0 | AH8: 0 | AI8: 1 | AJ8: KARCHER | AK8: =SUM(D8:AI8) -> 29 | AM8: 60 | AN8: =AL8/AM8 -> 0 | AO8: =AN8*AK8 -> 0
B9: 4 | C9: CARRO COLETOR DE LIXO COM CAPACIDADE MÍNIMA DE 240 LITROS | D9: 1 | E9: 0 | F9: 0 | G9: 0 | H9: 0 | I9: 0 | J9: 0 | K9: 0 | L9: 0 | M9: 0 | N9: 0 | O9: 0 | P9: 0 | Q9: 0 | R9: 0 | S9: 0 | T9: 0 | U9: 0 | V9: 0 | W9: 0 | X9: 0 | Y9: 0 | Z9: 0 | AA9: 0 | AB9: 0 | AC9: 0 | AD9: 0 | AE9: 0 | AF9: 0 | AG9: 0 | AH9: 0 | AI9: 1 | AJ9: BETTANIN | AK9: =SUM(D9:AI9) -> 2 | AM9: 60 | AN9: =AL9/AM9 -> 0 | AO9: =AN9*AK9 -> 0
B10: 5 | C10: CARRINHO MULTIFUNCIONAL PARA LIMPEZA, QUE REDUZA A QUANTIDADE DE DESLOCAMENTO DO SERVENTE, COM RODAS QUE NÃO MARQUEM O PISO, ENCAIXE PARA BALDES, BOLSA PARA COLETA COM CAPACIDADE DE 90 LITROS, PÁ COLETORA DE PLÁSTICO E PLACA SINALIZADORA DE PISO MOLHADO, | D10: 2 | E10: 2 | F10: 1 | G10: 1 | H10: 1 | I10: 1 | J10: 1 | K10: 1 | L10: 1 | M10: 1 | N10: 1 | O10: 1 | P10: 1 | Q10: 1 | R10: 1 | S10: 1 | T10: 1 | U10: 1 | V10: 1 | W10: 1 | X10: 1 | Y10: 1 | Z10: 1 | AA10: 1 | AB10: 1 | AC10: 1 | AD10: 1 | AE10: 0 | AF10: 0 | AG10: 0 | AH10: 0 | AI10: 3 | AJ10: ECOPLAST | AK10: =SUM(D10:AI10) -> 32 | AM10: 60 | AN10: =AL10/AM10 -> 0 | AO10: =AN10*AK10 -> 0
B11: 6 | C11: ESCADA DE ALUMÍNIO 7 DEGRAUS (UNID) | D11: 1 | E11: 1 | F11: 1 | G11: 1 | H11: 1 | I11: 1 | J11: 1 | K11: 1 | L11: 1 | M11: 1 | N11: 1 | O11: 1 | P11: 1 | Q11: 1 | R11: 1 | S11: 1 | T11: 1 | U11: 1 | V11: 1 | W11: 1 | X11: 1 | Y11: 1 | Z11: 1 | AA11: 1 | AB11: 1 | AC11: 1 | AD11: 1 | AE11: 1 | AF11: 0 | AG11: 0 | AH11: 0 | AI11: 2 | AJ11: TRAMONTINA | AK11: =SUM(D11:AI11) -> 30 | AM11: 60 | AN11: =AL11/AM11 -> 0 | AO11: =AN11*AK11 -> 0
B12: 7 | C12: ESCADA DE ALUMÍNIO 15 DEGRAUS (UNID) | D12: 0 | E12: 0 | F12: 0 | G12: 0 | J12: 0 | K12: 0 | L12: 0 | M12: 0 | N12: 0 | O12: 0 | P12: 0 | Q12: 0 | R12: 0 | S12: 0 | T12: 0 | U12: 0 | V12: 0 | W12: 0 | X12: 0 | Y12: 0 | Z12: 0 | AA12: 0 | AB12: 0 | AC12: 0 | AD12: 0 | AE12: 0 | AF12: 0 | AG12: 0 | AH12: 0 | AI12: 1 | AJ12: TRAMONTINA | AK12: =SUM(D12:AI12) -> 1 | AM12: 60 | AN12: =AL12/AM12 -> 0 | AO12: =AN12*AK12 -> 0
B13: 8 | C13: ESTANTE DE AÇO (6 PRATELEIRAS) | D13: 2 | E13: 1 | F13: 1 | G13: 1 | H13: 1 | I13: 1 | J13: 1 | K13: 1 | L13: 1 | M13: 1 | N13: 1 | O13: 1 | P13: 1 | Q13: 1 | R13: 1 | S13: 1 | T13: 1 | U13: 1 | V13: 1 | W13: 1 | X13: 1 | Y13: 1 | Z13: 1 | AA13: 1 | AB13: 1 | AC13: 1 | AD13: 1 | AE13: 1 | AF13: 0 | AG13: 0 | AH13: 0 | AI13: 0 | AJ13: EBM | AK13: =SUM(D13:AI13) -> 29 | AM13: 60 | AN13: =AL13/AM13 -> 0 | AO13: =AN13*AK13 -> 0
B14: 9 | C14: EXTENSÃO 50M - 4MM | D14: 2 | E14: 2 | F14: 2 | G14: 2 | H14: 2 | I14: 2 | J14: 2 | K14: 2 | L14: 1 | M14: 2 | N14: 1 | O14: 1 | P14: 1 | Q14: 2 | R14: 1 | S14: 1 | T14: 2 | U14: 1 | V14: 1 | W14: 1 | X14: 2 | Y14: 1 | Z14: 2 | AA14: 1 | AB14: 1 | AC14: 1 | AD14: 2 | AE14: 1 | AF14: 1 | AG14: 0 | AH14: 0 | AI14: 2 | AJ14: MAXIPRO | AK14: =SUM(D14:AI14) -> 45 | AM14: 60 | AN14: =AL14/AM14 -> 0 | AO14: =AN14*AK14 -> 0
B15: 10 | C15: MÁQUINA LAVADORA E SECADORA DE PISO AUTOMÁTICA, 220V, DE RUÍDO MÁXIMO DE 70 DB, LARGURA MÁXIMA DE 800 MM, CUMPRIMENTO MÁXIMO DE 1300 MM, PARA CABER NOS ELEVADORES DAS ESTAÇÕES, LAVA E SUGA A SUJEIRA POR MEIO DE RODO, TANQUE DE ÁGUA LIMPA/SUJA (L) 40/40, COM DIÂMETRO DA ESCOVA DE NO MÍNIMO 440 MM, POTENCIA DO MOTOR DE NO MÍNIMO 1,7 (KW), VELOCIDADE DA ESCOVA DE 200 (RPM) E EFICIÊNCIA DE LIMPEZA REAL MÍNIMA DE 1.250 M²/H. ACIONAMENTO ELÉTRICO (220V) | D15: 2 | E15: 2 | F15: 2 | G15: 2 | H15: 2 | I15: 2 | J15: 2 | K15: 2 | L15: 1 | M15: 2 | N15: 1 | O15: 1 | P15: 1 | Q15: 2 | R15: 1 | S15: 1 | T15: 2 | U15: 1 | V15: 1 | W15: 1 | X15: 2 | Y15: 1 | Z15: 2 | AA15: 1 | AB15: 1 | AC15: 1 | AD15: 2 | AE15: 0 | AF15: 0 | AG15: 0 | AH15: 0 | AI15: 1 | AJ15: KARCHER | AK15: =SUM(D15:AI15) -> 42 | AM15: 60 | AN15: =AL15/AM15 -> 0 | AO15: =AN15*AK15 -> 0
B16: 11 | C16: MANGUEIRA 50 METROS COM ESGUICHO | D16: 1 | E16: 1 | F16: 1 | G16: 1 | H16: 2 | I16: 2 | J16: 1 | K16: 1 | L16: 1 | M16: 1 | N16: 1 | O16: 1 | P16: 1 | Q16: 1 | S16: 1 | T16: 1 | U16: 1 | V16: 1 | W16: 1 | X16: 1 | Y16: 1 | Z16: 1 | AA16: 1 | AB16: 1 | AC16: 1 | AD16: 1 | AE16: 1 | AF16: 1 | AG16: 0 | AH16: 0 | AI16: 2 | AJ16: TRAMONTINA | AK16: =SUM(D16:AI16) -> 32 | AM16: 60 | AN16: =AL16/AM16 -> 0 | AO16: =AN16*AK16 -> 0
B17: 12 | C17: SINALIZADOR DE PISO MOLHADO (UNID) | D17: 15 | E17: 8 | F17: 8 | G17: 15 | H17: 15 | I17: 15 | J17: 15 | K17: 8 | L17: 8 | M17: 15 | N17: 10 | O17: 10 | P17: 15 | Q17: 20 | R17: 8 | S17: 8 | T17: 10 | U17: 15 | V17: 10 | W17: 8 | X17: 20 | Y17: 12 | Z17: 12 | AA17: 8 | AB17: 8 | AC17: 10 | AD17: 20 | AE17: 2 | AF17: 2 | AG17: 2 | AH17: 0 | AI17: 28 | AJ17: BETTANIN | AK17: =SUM(D17:AI17) -> 360 | AM17: 60 | AN17: =AL17/AM17 -> 0 | AO17: =AN17*AK17 -> 0
B18: 13 | C18: ENCERADEIRA INDUSTRIAL PARA LAVAGEM, COM ESCOVA DE 440 MM | D18: 1 | E18: 1 | F18: 1 | G18: 1 | H18: 1 | I18: 1 | J18: 1 | K18: 1 | L18: 1 | M18: 1 | N18: 1 | O18: 1 | P18: 1 | Q18: 1 | R18: 1 | S18: 1 | T18: 1 | U18: 1 | V18: 1 | W18: 1 | X18: 1 | Y18: 1 | Z18: 1 | AA18: 1 | AB18: 1 | AC18: 1 | AD18: 1 | AE18: 1 | AF18: 1 | AG18: 0 | AH18: 0 | AI18: 3 | AJ18: BANDEIRANTE | AK18: =SUM(D18:AI18) -> 32 | AM18: 60 | AN18: =AL18/AM18 -> 0 | AO18: =AN18*AK18 -> 0
B19: 14 | C19: ENCERADEIRA INDUSTRIAL PARA LAVAGEM, COM ESCOVA DE 510 MM | D19: 0 | E19: 0 | F19: 0 | G19: 0 | H19: 0 | I19: 0 | J19: 0 | K19: 0 | L19: 0 | M19: 0 | N19: 0 | O19: 0 | P19: 0 | Q19: 0 | R19: 0 | S19: 0 | T19: 0 | U19: 0 | V19: 0 | W19: 0 | X19: 0 | Y19: 0 | Z19: 0 | AA19: 0 | AB19: 0 | AC19: 0 | AD19: 0 | AE19: 0 | AF19: 0 | AG19: 0 | AH19: 0 | AI19: 2 | AJ19: BANDEIRANTE | AK19: =SUM(D19:AI19) -> 2 | AM19: 60 | AN19: =AL19/AM19 -> 0 | AO19: =AN19*AK19 -> 0
B20: 15 | C20: LIMPADORA A VAPOR PROFISSIONAL 220V - KARCHER | D20: 1 | E20: 0 | F20: 0 | G20: 0 | H20: 0 | I20: 0 | J20: 0 | K20: 0 | L20: 0 | M20: 0 | N20: 0 | O20: 0 | P20: 0 | Q20: 1 | R20: 0 | S20: 0 | T20: 0 | U20: 0 | V20: 0 | W20: 0 | X20: 0 | Y20: 0 | Z20: 0 | AA20: 0 | AB20: 0 | AC20: 0 | AD20: 0 | AE20: 0 | AF20: 0 | AG20: 0 | AH20: 0 | AI20: 1 | AJ20: KARCHER | AK20: =SUM(D20:AI20) -> 3 | AM20: 60 | AN20: =AL20/AM20 -> 0 | AO20: =AN20*AK20 -> 0
B21: 16 | C21: LAVADORA TIPO LAVA JATO COM CAPACIDADE MÍNIMA DE PRESSÃO DE 1600 LIBRAS | D21: 1 | E21: 1 | F21: 1 | G21: 1 | H21: 1 | I21: 1 | J21: 1 | K21: 1 | L21: 1 | M21: 1 | N21: 1 | O21: 1 | P21: 1 | Q21: 1 | R21: 1 | S21: 1 | T21: 1 | U21: 1 | V21: 1 | W21: 1 | X21: 1 | Y21: 1 | Z21: 1 | AA21: 1 | AB21: 1 | AC21: 1 | AD21: 1 | AE21: 1 | AF21: 1 | AG21: 0 | AH21: 0 | AI21: 1 | AJ21: KARCHER | AK21: =SUM(D21:AI21) -> 30 | AM21: 60 | AN21: =AL21/AM21 -> 0 | AO21: =AN21*AK21 -> 0
B22: 17 | C22: PULVERIZADOR COSTAL À GASOLINA, MOTOR 2 TEMPOS, 56 CILINDRADAS - RESERVATÓRIO MÍNIMO DE 10 LITROS. | D22: 0 | E22: 0 | F22: 0 | G22: 0 | H22: 0 | I22: 0 | J22: 0 | K22: 0 | L22: 0 | M22: 0 | N22: 0 | O22: 0 | P22: 0 | Q22: 0 | R22: 0 | S22: 0 | T22: 0 | U22: 0 | V22: 0 | W22: 0 | X22: 0 | Y22: 0 | Z22: 0 | AA22: 0 | AB22: 0 | AC22: 0 | AD22: 0 | AE22: 0 | AF22: 0 | AG22: 0 | AH22: 0 | AI22: 3 | AJ22: STIHL | AK22: =SUM(D22:AI22) -> 3 | AM22: 60 | AN22: =AL22/AM22 -> 0 | AO22: =AN22*AK22 -> 0
AN23: Total Mensal | AO23: =SUM(AO6:AO22) -> 0
AM28: Total de empregados | AO28: ='Custo contratação LR'!E11+'Custo contratação LR'!E12+'Custo contratação LR'!E13+'Custo contratação LR'!E14+'Custo contratação LR'!E15+'Custo contratação LR'!E16 -> 21
AM29: Valor Mensal por empregado | AO29: =AO23/AO28 -> 0
AM33: PAS: Pátio Asa Sul
AM34: NO: Estações Não Operacionais
AM35: LEV: Limpeza de trens entre viagens
AM36: CAO: Complexo Administrativo e Operacional
AM37: SR: Subestações Retificadores

Sheet Equip. Jardim
B2: Equipamentos - Jardins
B4: Item | C4: Especificação | D4: Quant. | E4: Valor Unitário | F4: Depreciação | G4: Valor Unitário Depreciação | H4: Valor Total Mensal
B5: 1 | C5: Armário de aço | D5: 1 | F5: 60 | G5: =E5/F5 -> 0 | H5: =G5*D5 -> 0
B6: 2 | C6: Armário roupeiro (08 portas) | D6: 1 | F6: 60 | G6: =E6/F6 -> 0 | H6: =G6*D6 -> 0
B7: 3 | C7: Carrinho cortador de grama à gasolina, mínimo de 158 cilindradas e rotação máxima de 3000 rpm - modelo jp 55c | D7: 1 | F7: 60 | G7: =E7/F7 -> 0 | H7: =G7*D7 -> 0
B8: 4 | C8: Carro-de-mão tipo girica | D8: 2 | F8: 60 | G8: =E8/F8 -> 0 | H8: =G8*D8 -> 0
B9: 5 | C9: Estante de aço (6 prateleiras) | D9: 1 | F9: 60 | G9: =E9/F9 -> 0 | H9: =G9*D9 -> 0
B10: 6 | C10: Garrafa Térmica para água - 5 Litros | D10: 1 | F10: 60 | G10: =E10/F10 -> 0 | H10: =G10*D10 -> 0
B11: 7 | C11: Máquina roçadeira costal à gasolina, partida manual, motor 2 tempos, mínimo de 35 cilindradas e potência mínima de 1,5 cv. | D11: 4 | F11: 60 | G11: =E11/F11 -> 0 | H11: =G11*D11 -> 0
B12: 8 | C12: Soprador de folhas costal à gasolina, motor 2 tempos,56 cilindradas e potência mínima de 1,20 kw | D12: 1 | F12: 60 | G12: =E12/F12 -> 0 | H12: =G12*D12 -> 0
G13: Total Mensal | H13: =SUM(H5:H12) -> 0
B14: ='[2]Mapa de Faturamento'!A42:F42 -> #REF!
F17: Total de empregados | H17: 5
F18: Valor Mensal por empregado | H18: =H13/H17 -> 0

Sheet Plan2
